 Dungeon Crawl Stone Soup version 0.16-a0-3712-g87ae24a (webtiles) character file.

1652104 Ololoev the Conqueror (level 27, -10/264 HPs)
             Began as an Octopode Fire Elementalist on Jan 16, 2015.
             Was the Champion of Vehumet.
             Killed by divine providence
             ... invoked by a greater mummy
              (12 damage)
             ... on level 3 of the Tomb of the Ancients on Jan 20, 2015.
             The game lasted 14:19:05 (99552 turns).

Ololoev the Conqueror (Octopode Fire Elementalist) Turns: 99552, Time: 14:19:06

Health: -10/264    AC: 13    Str: 27    XL:     27
Magic:  49/63      EV:  4    Int: 55    God:    Vehumet [******]
Gold:   14531      SH:  0    Dex: 12    Spells: 13 memorised, 13 levels left

rFire  + + +     SeeInvis +     a - staff of energy (curse)
rCold  . . .     Clarity  +     R - +5 shield {reflect} (curse)
rNeg   . . .     SustAb   .     S - +2 hat of the High Council {Archmagi, Wiz- Stlth-} (curse)
rPois  +         Gourm    .     n - amulet of Gyumneih {Ward +Blink rPois+ rN+ Str-2 Int+3} (curse)
rElec  +         Spirit   .     g - ring "Fuporu" {rElec rN+ Str+4 Int+5 Dex+3} (curse)
rCorr  .         Warding  +     c - ring "Fisour Sehi" {Fire Str+5 Int+3} (curse)
rMut   .         Stasis   .     A - ring "Zeoxt" {+Blink rPois+ MP+9 Str+4 Int+4} (curse)
MR     +++++                    s - ring of Chao {rF+ rN- HP+9 MP+9 Str+4 Int+4 Dex-4 Stlth+} (curse)
Stlth  ..........               J - ring of Descent {rF++ Slay+4 SInv} (curse)
                                C - ring "Kobebeck" {rPois+ MR+ HP+9 AC+4 Str-2 Int+3} (curse)
                                h - ring "Amughyg" {rF+ MR++ MP+9 Str+4 Int+3 Slay-4} (curse)
                                P - ring "Zipehomu" {Wiz rC+ Stlth+} (curse)

@: liquid flames, negative energy vulnerable, slowed, lost dexterity, glowing,
deflect missiles, drained, very slow, almost entirely resistant to hostile
enchantments, extremely unstealthy
A: almost no armour, amphibious, 8 rings, constrict 8, beak, repulsion field 1,
rough black scales 1, yellow scales 1, camouflage 1, agile 1, blink 1, clarity,
sense surroundings 1, regeneration 1, robust 1, electricity resistance, strong
1, gelatinous body 1
a: Blink, Renounce Religion, Evoke Blink
}: 14/15 runes: decaying, slimy, silver, iron, obsidian, icy, bone, abyssal,
demonic, glowing, magical, fiery, dark, gossamer


You were on level 3 of the Tomb of the Ancients.
You worshipped Vehumet.
Vehumet was exalted by your worship.
You were not hungry.

You visited 17 branches of the dungeon, and saw 91 of its levels.
You visited Pandemonium 4 times, and saw 25 of its levels.
You visited the Abyss 5 times.
You visited 4 ziggurats (completing 2), and saw 95 of their levels.
You also visited: Trove, Ossuary, Ice Cave and Wizlab.

You collected 18148 gold pieces.
You spent 3455 gold pieces at shops.

Notes
Turn   | Place    | Note
--------------------------------------------------------------
     0 | D:1      | Ololoev, the Octopode Fire Elementalist, began the quest for the Orb.
     0 | D:1      | Reached XP level 1. HP: 11/11 MP: 3/3
   404 | D:1      | Reached XP level 2. HP: 17/17 MP: 2/4
   783 | D:2      | Reached XP level 3. HP: 14/21 MP: 0/6
   844 | D:2      | Learned a level 3 spell: Conjure Flame
  1311 | D:2      | Reached skill level 4 in Fire Magic
  1311 | D:2      | Reached XP level 4. HP: 25/27 MP: 2/7
  2098 | D:3      | Noticed Jessica
  2101 | D:3      | Killed Jessica
  2101 | D:3      | Reached XP level 5. HP: 25/31 MP: 6/9
  2708 | D:3      | Learned a level 4 spell: Sticky Flame
  3022 | D:3      | Reached skill level 5 in Fire Magic
  3128 | D:3      | Reached XP level 6. HP: 36/36 MP: 7/10
  3252 | D:4      | Noticed Grinder
  3260 | D:4      | Killed Grinder
  3260 | D:4      | Reached XP level 7. HP: 30/41 MP: 2/12
  3378 | D:4      | Reached skill level 5 in Conjurations
  3415 | D:4      | Reached skill level 6 in Fire Magic
  3467 | D:4      | Found a sand-covered staircase.
  3581 | Ossuary  | Entered an ossuary
  4095 | Ossuary  | Reached XP level 8. HP: 42/46 MP: 9/13
  4182 | Ossuary  | Reached skill level 7 in Fire Magic
  4408 | Ossuary  | Gained mutation: You occasionally shout uncontrollably at your foes. [potion of mutation]
  4408 | Ossuary  | Gained mutation: Your flesh is heat resistant. [potion of mutation]
  4408 | Ossuary  | Gained mutation: Your flesh is cold resistant. [potion of mutation]
  4409 | Ossuary  | Gained mutation: Your magical capacity is low (-10% MP). [potion of mutation]
  4409 | Ossuary  | Gained mutation: You have a beak for a mouth. [potion of mutation]
  4540 | D:4      | Got a scorched whip
  4541 | D:4      | Identified the cursed +2 whip of Khan {flame, +Blink rN+ HP-9 Int+4} (You found it on level 4 of the Dungeon)
  4832 | D:5      | Entered Level 5 of the Dungeon
  5531 | D:5      | Reached skill level 8 in Fire Magic
  5831 | D:5      | Gained mutation: You are partially covered in molten scales (AC +1). [potion of mutation]
  5831 | D:5      | Gained mutation: You are clumsy. (Dex -2) [potion of mutation]
  6020 | D:6      | Noticed Edmund
  6024 | D:6      | Killed Edmund
  6134 | D:6      | Reached XP level 9. HP: 51/51 MP: 13/13
  6202 | D:6      | Gained mutation: You sometimes yell uncontrollably at your foes. [potion of mutation]
  6484 | D:6      | Learned a level 5 spell: Fireball
  6891 | D:6      | Found a sparkling altar of Nemelex Xobeh.
  6993 | D:7      | Found a bloodstained altar of Trog.
  7010 | D:7      | Reached skill level 9 in Fire Magic
  7375 | D:7      | Found a shadowy altar of Dithmenos.
  7708 | D:7      | Found a staircase to the Ecumenical Temple.
  7717 | Temple   | Entered the Ecumenical Temple
  7897 | D:7      | Lost mutation: Your flesh is heat resistant. [mutagenic meat]
  7914 | D:7      | Found a burning altar of Makhleb.
  7914 | D:7      | Found a white marble altar of Elyvilon.
  7916 | D:7      | Found a glowing silver altar of Zin.
  7919 | D:7      | Found an ancient bone altar of Kikubaaqudgha.
  8102 | D:8      | Noticed Maurice
  8105 | D:8      | Killed Maurice
  8105 | D:8      | Reached skill level 10 in Fire Magic
  8105 | D:8      | Reached XP level 10. HP: 56/56 MP: 12/16
  8344 | D:8      | Reached skill level 10 in Conjurations
  8404 | D:8      | Found a bloodstained altar of Trog.
  8731 | D:8      | Noticed a three-headed hydra
  8733 | D:8      | Reached skill level 11 in Fire Magic
  8735 | D:8      | Killed a three-headed hydra
  8986 | D:8      | Reached XP level 11. HP: 61/61 MP: 5/18
  9104 | D:8      | Found a staircase to the Lair.
  9981 | D:8      | Reached skill level 12 in Fire Magic
 10083 | D:9      | Found Naekian's Jewellery Shoppe.
 10131 | D:9      | Gained mutation: You are weak. (Str -2) [potion of mutation]
 10131 | D:9      | Gained mutation: Your magical capacity is very low (-20% MP). [potion of mutation]
 10266 | D:9      | Found a radiant altar of Vehumet.
 10269 | D:9      | Became a worshipper of Vehumet
 10275 | D:9      | Found Craediej's General Store.
 10835 | D:10     | Entered Level 10 of the Dungeon
 10967 | D:10     | Acquired Vehumet's first power
 10967 | D:10     | Offered knowledge of Sting by Vehumet.
 11852 | D:10     | Found a runed door.
 11953 | D:10     | Noticed an orc knight
 11990 | D:10     | Killed an orc knight
 12184 | D:10     | Found a roughly hewn altar of Beogh.
 12279 | D:11     | Offered knowledge of Searing Ray by Vehumet.
 12486 | D:11     | Reached skill level 13 in Fire Magic
 12522 | D:11     | Reached XP level 12. HP: 65/67 MP: 16/16
 12661 | D:11     | Reached skill level 1 in Fighting
 12974 | D:9      | Bought the ring of Descent {rF++ Slay+4 SInv} for 675 gold pieces
 13251 | D:12     | Noticed Joseph
 13254 | D:12     | Killed Joseph
 13416 | D:12     | Reached skill level 1 in Shields
 13603 | D:12     | Offered knowledge of Stone Arrow by Vehumet.
 13968 | D:13     | Noticed an eight-headed hydra
 13970 | D:13     | Killed an eight-headed hydra
 13976 | D:13     | Noticed a vault guard
 13977 | D:13     | Noticed a vault guard
 13979 | D:13     | Acquired Vehumet's second power
 14229 | D:13     | Reached skill level 5 in Spellcasting
 14967 | D:13     | Killed a vault guard
 14967 | D:13     | Reached skill level 5 in Dodging
 14967 | D:13     | Reached skill level 5 in Shields
 14985 | D:13     | Noticed a vault guard
 15008 | D:13     | Killed a vault guard
 15008 | D:13     | Reached XP level 13. HP: 46/81 MP: 5/20
 15140 | D:13     | Noticed a tengu warrior
 15142 | D:13     | Killed a tengu warrior
 15149 | D:13     | Offered knowledge of Mephitic Cloud by Vehumet.
 15156 | D:13     | Learned a level 3 spell: Mephitic Cloud
 15165 | D:13     | Reached skill level 5 in Fighting
 15196 | D:13     | Noticed an eight-headed hydra
 15212 | D:13     | Killed an eight-headed hydra
 15308 | D:13     | Noticed a vault guard
 15327 | D:13     | Killed a vault guard
 15848 | D:13     | Acquired Vehumet's third power
 16062 | D:13     | Found a gate to the Vaults.
 16147 | D:13     | Found a shimmering altar of Xom.
 16165 | D:13     | Lost mutation: You are weak. (Str -2) [potion of mutation]
 16322 | D:13     | Noticed a centaur warrior
 16324 | D:13     | Killed a centaur warrior
 16395 | D:14     | Lost mutation: Your magical capacity is very low (-20% MP). [mutagenic meat]
 16483 | D:14     | Offered knowledge of Static Discharge by Vehumet.
 16505 | D:14     | Killed a vault guard
 16635 | D:14     | Lost mutation: You are clumsy. (Dex -2) [mutagenic meat]
 16636 | D:14     | Lost mutation: You are partially covered in molten scales (AC +1). [mutagenic meat]
 16638 | D:14     | Gained mutation: Your mind is acute. (Int +2) [mutagenic meat]
 16639 | D:14     | Gained mutation: Your system is resistant to poisons. [mutagenic meat]
 16721 | D:14     | Gained mutation: You can breathe flames. [potion of beneficial mutation]
 16903 | D:14     | Found a snail-covered altar of Cheibriados.
 17131 | D:15     | Entered Level 15 of the Dungeon
 17998 | D:14     | Reached XP level 14. HP: 21/92 MP: 18/26
 18017 | D:14     | HP: 1/93 [skeletal warrior/scimitar (24)]
 18639 | D:11     | Found a staircase to the Orcish Mines.
 18887 | Orc:1    | Entered Level 1 of the Orcish Mines
 18951 | Orc:1    | Offered knowledge of Lee's Rapid Deconstruction by Vehumet.
 18976 | Orc:1    | Found a roughly hewn altar of Beogh.
 19232 | Orc:1    | Found Maem Fau's Distillery.
 19243 | Orc:1    | Bought a potion of resistance for 110 gold pieces
 19243 | Orc:1    | Bought 2 potions of heal wounds for 110 gold pieces
 20342 | Orc:3    | Offered knowledge of Lightning Bolt by Vehumet.
 20821 | Orc:4    | Entered Level 4 of the Orcish Mines
 20833 | Orc:4    | Noticed Saint Roka
 21077 | Orc:4    | Found a staircase to the Elven Halls.
 21349 | Orc:4    | Found Sengamej's Weapon Shop.
 21349 | Orc:4    | Found Izaudeur's Distillery.
 21350 | Orc:4    | Found Sheps' Antique Armour Emporium.
 21350 | Orc:4    | Found Doavvef's Antique Weapon Shop.
 21362 | Orc:4    | Bought a potion of ambrosia for 104 gold pieces
 21362 | Orc:4    | Bought a potion of degeneration for 13 gold pieces
 21362 | Orc:4    | Bought 2 potions of flight for 78 gold pieces
 21373 | Orc:4    | Bought the cursed -1 morningstar of the Mosquito {freeze, +Inv rElec rC+ HP+9 MP+9} for 380 gold pieces
 21705 | Lair:1   | Entered Level 1 of the Lair of Beasts
 22211 | Lair:1   | Offered knowledge of Poison Arrow by Vehumet.
 23273 | Lair:2   | Reached skill level 10 in Dodging
 23353 | Lair:2   | Found a frozen archway.
 23435 | IceCv    | Entered an ice cave
 23853 | IceCv    | Reached XP level 15. HP: 103/103 MP: 28/28
 25884 | Lair:3   | Found a staircase to the Swamp.
 26451 | Lair:4   | Offered knowledge of Bolt of Fire by Vehumet.
 26460 | Lair:4   | Learned a level 6 spell: Bolt of Fire
 26715 | Lair:4   | Reached skill level 10 in Spellcasting
 26764 | Lair:4   | Identified a scroll of acquirement
 26797 | Lair:4   | Found a hole to the Spider Nest.
 27465 | Lair:5   | Noticed Fannar
 27470 | Lair:5   | Killed Fannar
 27475 | Lair:5   | Gained mutation: You are surrounded by a mild repulsion field (EV +2). [potion of beneficial mutation]
 28520 | Lair:6   | Reached skill level 1 in Evocations
 30149 | Lair:8   | Entered Level 8 of the Lair of Beasts
 30152 | Lair:8   | Offered knowledge of Delayed Fireball by Vehumet.
 30168 | Lair:8   | Learned a level 7 spell: Delayed Fireball
 30923 | Lair:8   | Reached XP level 16. HP: 109/109 MP: 28/29
 30929 | Lair:8   | Reached skill level 5 in Evocations
 31301 | Lair:8   | Found a viscous altar of Jiyva.
 31302 | Lair:8   | Found a staircase to the Slime Pits.
 31436 | Lair:8   | Reached skill level 14 in Conjurations
 31666 | Lair:8   | Offered knowledge of Orb of Destruction by Vehumet.
 31675 | Lair:8   | Learned a level 7 spell: Orb of Destruction
 32905 | Swamp:1  | Entered Level 1 of the Swamp
 33088 | Swamp:1  | Reached skill level 10 in Shields
 33351 | Swamp:1  | Noticed Donald
 33353 | Swamp:1  | Killed Donald
 34156 | Swamp:2  | Offered knowledge of Poisonous Cloud by Vehumet.
 35325 | Swamp:3  | Noticed a thorn hunter
 35329 | Swamp:3  | Killed a thorn hunter
 35653 | Swamp:3  | Reached XP level 17. HP: 114/114 MP: 17/31
 36122 | Swamp:3  | Found a shimmering altar of Xom.
 37419 | Swamp:4  | Noticed Wiglaf
 37422 | Swamp:4  | Killed Wiglaf
 38031 | Swamp:4  | Reached skill level 10 in Evocations
 38236 | D:9      | Bought the ring of Shaolin {EV+8} for 1536 gold pieces
 38405 | Swamp:5  | Entered Level 5 of the Swamp
 39524 | Swamp:5  | Reached skill level 15 in Conjurations
 39857 | Swamp:5  | Noticed the 27-headed Lernaean hydra
 39972 | Swamp:5  | Killed the 27-headed Lernaean hydra
 40060 | Swamp:5  | Got a decaying rune of Zot
 40388 | Swamp:5  | Reached skill level 15 in Fire Magic
 40469 | Swamp:5  | Got an encrusted halberd
 41010 | Spider:1 | Entered Level 1 of the Spider Nest
 41013 | Spider:1 | Offered knowledge of Fire Storm by Vehumet.
 41013 | Spider:1 | Offered knowledge of Glaciate by Vehumet.
 41013 | Spider:1 | Offered knowledge of Shatter by Vehumet.
 41021 | Spider:1 | Reached XP level 18. HP: 119/120 MP: 6/32
 43905 | Spider:4 | Noticed Asterion
 43908 | Spider:4 | Killed Asterion
 44796 | Spider:5 | Entered Level 5 of the Spider Nest
 44802 | Spider:5 | Reached skill level 16 in Fire Magic
 45893 | Spider:5 | Reached XP level 19. HP: 126/126 MP: 30/33
 46569 | Spider:5 | Got a gossamer rune of Zot
 47075 | D:15     | Noticed MackTheKnife's ghost (powerful MiWn)
 47079 | D:15     | Killed MackTheKnife's ghost
 47824 | D:15     | Found a staircase to the Depths.
 47979 | Depths:1 | Entered Level 1 of the Depths
 47982 | Depths:1 | Reached skill level 17 in Fire Magic
 48044 | Depths:1 | Learned a level 3 spell: Regeneration
 48210 | Depths:1 | Found a magical portal.
 48217 | WizLab   | Entered Wucad Mu's Monastery
 49233 | Depths:1 | Found a gateway to a ziggurat.
 49406 | Vaults:1 | Entered Level 1 of the Vaults
 50466 | Vaults:1 | Reached XP level 20. HP: 132/132 MP: 32/34
 51025 | Vaults:1 | Reached skill level 18 in Fire Magic
 51734 | Vaults:1 | Learned a level 9 spell: Fire Storm
 52401 | Vaults:2 | Found a staircase to the Crypt.
 53473 | Vaults:2 | Reached XP level 21. HP: 130/136 MP: 20/35
 53482 | Vaults:2 | Reached skill level 19 in Fire Magic
 55640 | Vaults:3 | Got a dazzling short sword
 55641 | Vaults:3 | Identified the +5 short sword "Fryfasev" {elec, -Tele rElec rPois+ Dex+3} (You found it on level 3 of the Vaults)
 56425 | Vaults:4 | Reached skill level 20 in Fire Magic
 56425 | Vaults:4 | Reached XP level 22. HP: 143/143 MP: 36/36
 56696 | Vaults:4 | Found Mewiel's Antique Armour Shop.
 56704 | Vaults:4 | Bought a steaming buckler for 313 gold pieces
 56704 | Vaults:4 | Identified the cursed -2 buckler of Gluttony {+Inv +Fly Regen+} (You bought it in a shop on level 4 of the Vaults)
 57500 | Vaults:4 | Upgraded the game from 0.16-a0-3643-g096a701 to 0.16-a0-3661-g910cf96
 58509 | Slime:1  | Entered Level 1 of the Pits of Slime
 59365 | Slime:4  | Reached skill level 15 in Spellcasting
 59771 | Slime:6  | Entered Level 6 of the Pits of Slime
 60115 | Slime:6  | Noticed the royal jelly
 60125 | Slime:6  | Killed the royal jelly
 60125 | Slime:6  | Reached skill level 21 in Fire Magic
 60319 | Slime:6  | Got a crude bone amulet
 60320 | Slime:6  | Identified the amulet of Gyumneih {Ward +Blink rPois+ rN+ Str-2 Int+3} (You found it on level 6 of the Pits of Slime)
 60322 | Slime:6  | Got a slimy rune of Zot
 60366 | Slime:6  | Got a brightly glowing dagger
 60371 | Slime:6  | Got a pitted whip
 60380 | Slime:6  | Identified the +0 dagger of Avayn {venom, +Twstr} (You found it on level 6 of the Pits of Slime)
 60381 | Slime:6  | Identified the +5 whip of Noon {slash, +Inv rPois+} (You found it on level 6 of the Pits of Slime)
 60418 | Slime:6  | Got a sparkling pewter ring
 60447 | Slime:6  | Reached XP level 23. HP: 76/148 MP: 36/36
 60461 | Slime:6  | Identified the ring "Zipehomu" {Wiz rC+ Stlth+} (You found it on level 6 of the Pits of Slime)
 60545 | Slime:6  | Identified the Compendium of the Compass
 60551 | Slime:6  | Learned a level 1 spell: Apportation
 61064 | Elf:1    | Entered Level 1 of the Elven Halls
 61736 | Elf:1    | Identified the Catalogue of Unholy Arts
 61743 | Elf:1    | Learned a level 5 spell: Cigotuvi's Embrace
 61965 | Elf:2    | Reached skill level 1 in Necromancy
 62313 | Elf:2    | Found Zeimi's Distillery.
 62322 | Elf:2    | Bought a potion of agility for 68 gold pieces
 62322 | Elf:2    | Bought a potion of agility for 68 gold pieces
 62413 | Elf:2    | Drew Focus: Int increased to 27, Str decreased to 8
 62447 | Elf:3    | Entered Level 3 of the Elven Halls
 62455 | Elf:3    | Found Ericih's Food Emporium.
 62832 | Elf:3    | Drew Focus: Int increased to 28, Str decreased to 7
 62833 | Elf:3    | Gained mutation: You are somewhat resistant to further mutation. [helix card]
 62958 | Elf:3    | Got an iridescent dagger
 62959 | Elf:3    | Identified the +8 dagger "Wownash" {vamp, rC+ Int-2 Dex+5} (You took it off a deep elf death mage on level 3 of the Elven Halls)
 62992 | Elf:3    | Got a brightly glowing hand crossbow
 62993 | Elf:3    | Identified the +7 hand crossbow "Veudohe" {elec, +Blink rC- HP+9 Int+5} (You found it on level 3 of the Elven Halls)
 63005 | Elf:3    | Got an ichor-stained dagger
 63006 | Elf:3    | Identified the +7 dagger of Litsev {antimagic, rC+ rN+ MP-9 Int+4 Dex-4 SInv} (You found it on level 3 of the Elven Halls)
 63228 | Elf:3    | Learned a level 9 spell: Glaciate
 63312 | Elf:3    | Noticed Louise
 63314 | Elf:3    | Killed Louise
 63436 | Elf:3    | Got a warped morningstar
 63437 | Elf:3    | Identified the +3 morningstar of Rucomog {crush, Str+2 Dex+4} (You found it on level 3 of the Elven Halls)
 63439 | Elf:3    | Reached skill level 5 in Necromancy
 64217 | Depths:1 | Found a basalt altar of Yredelemnul.
 64217 | Depths:1 | Noticed a profane servitor
 64221 | Depths:1 | Killed a profane servitor
 64372 | Depths:1 | Found a one-way gate to the infinite horrors of the Abyss.
 64404 | Depths:1 | Noticed the Enchantress
 64406 | Depths:1 | Killed the Enchantress
 64406 | Depths:1 | Reached XP level 24. HP: 153/153 MP: 37/37
 64645 | Depths:1 | Found a gateway to Hell.
 64976 | Depths:2 | Reached skill level 1 in Ice Magic
 65016 | Depths:2 | Noticed Sojobo
 65017 | Depths:2 | Killed Sojobo
 65206 | Depths:2 | Reached skill level 5 in Ice Magic
 65393 | Depths:2 | Got a flickering lapis lazuli ring
 65659 | Depths:2 | Reached skill level 22 in Conjurations
 66645 | Depths:3 | Reached XP level 25. HP: 148/159 MP: 37/38
 67094 | Depths:3 | Got a faintly glowing shield
 67098 | Depths:3 | Identified the ring "Odearud" {rElec rPois+ rN++ MR+} (You took it off a tengu warrior on level 2 of the Depths)
 67099 | Depths:3 | Identified the +3 shield "Samaidgha" {rElec rC+ rN- MR+ Stlth+} (You found it on level 3 of the Depths)
 67261 | Depths:3 | Found a one-way gate leading to the halls of Pandemonium.
 67318 | Depths:3 | Found Wajif's Weapon Emporium.
 67661 | Depths:3 | Noticed a greater mummy
 67664 | Depths:3 | Killed a greater mummy
 68189 | Depths:4 | Found a runed door.
 68203 | Depths:4 | Noticed Mara
 68208 | Depths:4 | Killed Mara
 68479 | Depths:4 | Reached skill level 10 in Necromancy
 68546 | Depths:4 | Got a crystal demon trident
 68547 | Depths:4 | Identified the +5 demon trident "Dragonbane" {freeze, +Rage rElec} (You found it on level 4 of the Depths)
 69254 | Depths:4 | Found a glowing silver altar of Zin.
 69454 | Depths:4 | Found a runed door.
 69585 | Depths:4 | Found a runed door.
 69592 | Depths:4 | Found a runed door.
 69603 | Depths:4 | Found a runed door.
 69934 | Depths:5 | Entered Level 5 of the Depths
 70584 | Depths:5 | Found a portal to a secret trove of treasure.
 70602 | Depths:5 | Reached XP level 26. HP: 165/165 MP: 39/39
 70968 | Depths:5 | You paid a toll of a +5 demon blade to enter a treasure trove
 70969 | Trove    | Entered a treasure trove
 70996 | Trove    | Got a steaming platinum ring
 71000 | Trove    | Identified the ring "Wenann" {+/*Tele +Inv rPois- rF- rN- Str+3 SInv} (You found it in a treasure trove)
 71010 | Trove    | Got a flickering zirconium amulet
 71015 | Trove    | Identified the amulet "Kops" {Spirit +Fly rC- rN+ Str+2} (You found it in a treasure trove)
 71027 | Trove    | Got a scorched morningstar
 71028 | Trove    | Identified the +6 morningstar "Skestrai" {antimagic, rC- MR+ Stlth+} (You found it in a treasure trove)
 71287 | Depths:5 | Found a shattered altar of Ashenzari.
 71329 | Depths:5 | Reached skill level 23 in Conjurations
 71667 | Depths:5 | Found a gate to the Realm of Zot.
 72977 | Vaults:2 | Learned a level 6 spell: Iron Shot
 73156 | Vaults:5 | Entered Level 5 of the Vaults
 73159 | Vaults:5 | Noticed Margery
 73159 | Vaults:5 | Reached skill level 10 in Fighting
 73166 | Vaults:5 | Killed Margery
 73179 | Vaults:5 | Reached skill level 15 in Necromancy
 73392 | Vaults:5 | Reached skill level 1 in Earth Magic
 73394 | Vaults:5 | Reached XP level 27. HP: 172/172 MP: 27/39
 73995 | Vaults:5 | Reached skill level 1 in Charms
 74267 | Vaults:5 | Got an uncursed brightly glowing broad axe {flame}
 74268 | Vaults:5 | Identified the +7 broad axe of Indomitability {flame, SInv} (You found it on level 5 of the Vaults)
 74289 | Vaults:5 | Got a smoking spear
 74290 | Vaults:5 | Identified the +4 spear of Kluhopp {pierce, MR+ HP+9 Str+3} (You found it on level 5 of the Vaults)
 74749 | Vaults:5 | Got a silver rune of Zot
 74799 | Vaults:5 | Learned a level 3 spell: Flight
 75636 | Zig:1    | Entered Level 1 of a ziggurat
 75653 | Zig:2    | Entered Level 2 of a ziggurat
 75695 | Zig:3    | Entered Level 3 of a ziggurat
 75721 | Zig:4    | Entered Level 4 of a ziggurat
 75748 | Zig:5    | Entered Level 5 of a ziggurat
 75821 | Zig:6    | Entered Level 6 of a ziggurat
 75827 | Zig:6    | Reached skill level 5 in Stealth
 75835 | Zig:6    | Gained mutation: One of your tentacles bears a spike. [potion of beneficial mutation]
 75845 | Zig:6    | Lost mutation: Your magical capacity is low (-10% MP). [potion of cure mutation]
 75845 | Zig:6    | Lost mutation: You sometimes yell uncontrollably at your foes. [potion of cure mutation]
 75845 | Zig:6    | Lost mutation: You can breathe flames. [potion of cure mutation]
 75845 | Zig:6    | Lost mutation: Your flesh is cold resistant. [potion of cure mutation]
 75858 | Zig:7    | Entered Level 7 of a ziggurat
 75915 | Zig:8    | Entered Level 8 of a ziggurat
 75973 | Zig:8    | Got a flickering brass ring
 75976 | Zig:8    | Identified the ring "Wuats" {+Inv Stlth+} (You found it on level 8 of a ziggurat)
 75980 | Zig:9    | Entered Level 9 of a ziggurat
 76099 | Zig:10   | Entered Level 10 of a ziggurat
 76108 | Zig:10   | Noticed Ogontim the pandemonium lord
 76109 | Zig:10   | Noticed Jatwyomp the pandemonium lord
 76111 | Zig:10   | Killed Jatwyomp the pandemonium lord
 76112 | Zig:10   | Killed Ogontim the pandemonium lord
 76112 | Zig:10   | Reached skill level 10 in Stealth
 76123 | Zig:10   | Got a dazzling hand axe
 76124 | Zig:10   | Identified the +2 hand axe of the Turnip {chop, Str+2} (You found it on level 10 of a ziggurat)
 76127 | Zig:10   | Got a heavily runed tin ring
 76128 | Zig:10   | Identified the cursed ring of the Good {rF- rC+ AC-3 Str+4 Int+2 Dex-2} (You found it on level 10 of a ziggurat)
 76138 | Zig:10   | Learned a level 2 spell: Blink
 76145 | Zig:10   | Got a dazzling rapier
 76146 | Zig:10   | Identified the +1 rapier of Posusm {pierce, Int+3} (You found it on level 10 of a ziggurat)
 76151 | Zig:11   | Entered Level 11 of a ziggurat
 76152 | Zig:11   | Upgraded the game from 0.16-a0-3661-g910cf96 to 0.16-a0-3706-g5dff784
 76157 | Zig:11   | Noticed Bymmif the pandemonium lord
 76160 | Zig:11   | Noticed Shachosim the pandemonium lord
 76161 | Zig:11   | Noticed Brihadae the pandemonium lord
 76161 | Zig:11   | Killed Bymmif the pandemonium lord
 76162 | Zig:11   | Noticed Skalo the pandemonium lord
 76163 | Zig:11   | Killed Brihadae the pandemonium lord
 76165 | Zig:11   | Killed Shachosim the pandemonium lord
 76166 | Zig:11   | Noticed Strusk the pandemonium lord
 76168 | Zig:11   | Killed Skalo the pandemonium lord
 76168 | Zig:11   | Killed Strusk the pandemonium lord
 76254 | Zig:11   | Got a heavily runed lead amulet
 76255 | Zig:11   | Identified the amulet of Finality {Spirit *Rage rF+ SInv} (You found it on level 11 of a ziggurat)
 76305 | Zig:12   | Entered Level 12 of a ziggurat
 76338 | Zig:12   | Lost mutation: You occasionally shout uncontrollably at your foes. [potion of cure mutation]
 76338 | Zig:12   | Lost mutation: You are somewhat resistant to further mutation. [potion of cure mutation]
 76338 | Zig:12   | Lost mutation: One of your tentacles bears a spike. [potion of cure mutation]
 76338 | Zig:12   | Lost mutation: Your mind is acute. (Int +2) [potion of cure mutation]
 76338 | Zig:12   | Lost mutation: Your system is resistant to poisons. [potion of cure mutation]
 76339 | Zig:12   | Reached skill level 15 in Shields
 76369 | Zig:13   | Entered Level 13 of a ziggurat
 76412 | Zig:13   | Identified Sif Muna's Grimoire of Companions
 76452 | Zig:13   | Learned a level 8 spell: Death's Door
 76470 | Zig:14   | Entered Level 14 of a ziggurat
 76636 | Zig:14   | Identified the Papyrus of the Glacial Entourage
 76639 | Zig:14   | Learned a level 1 spell: Summon Butterflies
 76675 | Zig:15   | Entered Level 15 of a ziggurat
 76814 | Zig:16   | Entered Level 16 of a ziggurat
 76829 | Zig:16   | Reached skill level 15 in Dodging
 76868 | Zig:16   | Reached skill level 15 in Fighting
 76884 | Zig:16   | Got a steaming glass ring
 76885 | Zig:16   | Identified the ring "Zeoxt" {+Blink rPois+ MP+9 Str+4 Int+4} (You found it on level 16 of a ziggurat)
 76913 | Zig:17   | Entered Level 17 of a ziggurat
 77020 | Zig:17   | Cast into the Abyss (drawing a card)
 77048 | Abyss:1  | Found a corrupted altar of Lugonu.
 77093 | Abyss:1  | Learned a level 4 spell: Control Teleport
 77149 | Abyss:2  | Found a corrupted altar of Lugonu.
 77275 | Abyss:3  | Found a corrupted altar of Lugonu.
 77763 | Abyss:3  | Gained mutation: You are robust (+10% HP). [mutagenic meat]
 77855 | Abyss:3  | Got an abyssal rune of Zot
 77974 | Zig:17   | Escaped the Abyss
 78005 | Zig:17   | Got a polished shield
 78006 | Zig:17   | Identified the +5 shield of Trial and Error {rElec rN+ Regen+ Dex+3} (You found it on level 17 of a ziggurat)
 78132 | Pan      | Entered Pandemonium
 78421 | Pan      | Got an encrusted morningstar
 78422 | Pan      | Identified the +4 morningstar of Integrity {speed, +Inv rF+ Stlth+} (You found it in Pandemonium)
 78429 | Pan      | Got a polished hat
 78430 | Pan      | Identified the +0 hat "Oqeifre" {-Tele Regen+ Str-4 Slay-4} (You acquired it in Pandemonium)
 78538 | Pan      | Noticed Egiabev the pandemonium lord
 78849 | Pan      | Killed Egiabev the pandemonium lord
 79464 | Pan      | Found an exit through the horrors of the Abyss.
 79771 | Pan      | Found an exit through the horrors of the Abyss.
 79954 | Pan      | Noticed Ota Pnun the pandemonium lord
 79960 | Pan      | Killed Ota Pnun the pandemonium lord
 80368 | Pan      | Got a brightly glowing buckler
 80369 | Pan      | Identified the cursed -3 buckler of Anueman {Dex+4} (You took it off a cherub in Pandemonium)
 81189 | Pan      | Noticed Zogaonep the pandemonium lord
 81490 | Pan      | Noticed Stekytuu the pandemonium lord
 81495 | Pan      | Killed Stekytuu the pandemonium lord
 81912 | Pan      | Noticed Duereo the pandemonium lord
 81926 | Pan      | HP: 5/212 [Duereo the pandemonium lord/great icy blast (100)]
 82129 | Pan      | Found an exit through the horrors of the Abyss.
 82135 | Pan      | Killed Duereo the pandemonium lord
 82286 | Pan      | Noticed an ancient lich
 82287 | Pan      | Found a gateway to a ziggurat.
 82287 | Pan      | Noticed an ancient lich
 82293 | Pan      | Killed an ancient lich
 82294 | Pan      | Killed an ancient lich
 82441 | Zig:1    | Entered Level 1 of a ziggurat
 82462 | Zig:2    | Entered Level 2 of a ziggurat
 82484 | Zig:3    | Entered Level 3 of a ziggurat
 82538 | Zig:4    | Entered Level 4 of a ziggurat
 82577 | Zig:5    | Entered Level 5 of a ziggurat
 82606 | Zig:6    | Entered Level 6 of a ziggurat
 82630 | Zig:6    | Got a glittering marble ring
 82631 | Zig:6    | Identified the ring "Fuporu" {rElec rN+ Str+4 Int+5 Dex+3} (You found it on level 6 of a ziggurat)
 82639 | Zig:7    | Entered Level 7 of a ziggurat
 82784 | Zig:8    | Entered Level 8 of a ziggurat
 82791 | Zig:8    | Noticed Fiuck the pandemonium lord
 82793 | Zig:8    | Noticed Itax the pandemonium lord
 82793 | Zig:8    | Killed Fiuck the pandemonium lord
 82794 | Zig:8    | Killed Itax the pandemonium lord
 82818 | Zig:8    | Got a sparkling amber ring
 82822 | Zig:8    | Identified the ring of Chao {rF+ rN- HP+9 MP+9 Str+4 Int+4 Dex-4 Stlth+} (You found it on level 8 of a ziggurat)
 82855 | Zig:9    | Entered Level 9 of a ziggurat
 82875 | Zig:9    | Got a pitted marble ring
 82876 | Zig:9    | Identified the ring "Kobebeck" {rPois+ MR+ HP+9 AC+4 Str-2 Int+3} (You found it on level 9 of a ziggurat)
 82896 | Zig:10   | Entered Level 10 of a ziggurat
 82906 | Zig:10   | Noticed an ancient lich
 82908 | Zig:10   | Killed an ancient lich
 82954 | Zig:10   | Got a bloodstained blowgun
 82955 | Zig:10   | Identified the +8 blowgun of Eternal Vigilance {evade, +Inv Str+2 Dex-3} (You found it on level 10 of a ziggurat)
 82961 | Zig:11   | Entered Level 11 of a ziggurat
 82986 | Zig:11   | Identified Roxanne's Reference Book on Ashen Moulding
 83060 | Zig:12   | Entered Level 12 of a ziggurat
 83097 | Zig:12   | Learned a level 6 spell: Deflect Missiles
 83119 | Zig:12   | Learned a level 8 spell: Necromutation
 83122 | Zig:13   | Entered Level 13 of a ziggurat
 83130 | Zig:13   | Reached skill level 1 in Transmutations
 83310 | Zig:13   | Gained mutation: You are partially covered in yellow scales (AC +2). [potion of beneficial mutation]
 83314 | Zig:13   | Identified Vehumet's Almanac of Combat Magic
 83318 | Zig:13   | Got a smoking rapier
 83319 | Zig:13   | Identified the +0 rapier "Beast's Foe" {flame, +Blink rF+ Str+4 Dex-4 SInv} (You found it on level 13 of a ziggurat)
 83335 | Zig:14   | Entered Level 14 of a ziggurat
 83354 | Zig:14   | Reached skill level 5 in Transmutations
 83360 | Zig:14   | Noticed an ancient lich
 83361 | Zig:14   | Killed an ancient lich
 83541 | Zig:15   | Entered Level 15 of a ziggurat
 83595 | Zig:15   | Got a twisted flail
 83596 | Zig:15   | Identified the +10 flail of Rubbish {crush, rElec Str+3 Int+2} (You found it on level 15 of a ziggurat)
 83615 | Zig:15   | Got a bloodstained scimitar
 83616 | Zig:15   | Identified the +4 scimitar of Disorder {drain, rN+} (You found it on level 15 of a ziggurat)
 83621 | Zig:15   | Got a smoking buckler
 83632 | Zig:15   | Identified the +2 buckler of Seus {Dex+6} (You found it on level 15 of a ziggurat)
 83652 | Zig:16   | Entered Level 16 of a ziggurat
 83700 | Zig:16   | Got a jewelled spear
 83701 | Zig:16   | Identified the cursed +3 spear of Mnoam {pierce, +Fly Str+3 Dex-2} (You found it on level 16 of a ziggurat)
 83710 | Zig:16   | Identified Sophisticated Hermeneutics
 83718 | Zig:16   | Got a slimy long sword
 83719 | Zig:16   | Identified the +10 long sword of Pneeh {slice, Contam +Fly rElec} (You found it on level 16 of a ziggurat)
 83759 | Zig:17   | Entered Level 17 of a ziggurat
 83779 | Zig:17   | Reached skill level 10 in Transmutations
 83828 | Zig:17   | Identified the Compendium of Lethal Dislocation
 83860 | Zig:18   | Entered Level 18 of a ziggurat
 84020 | Zig:19   | Entered Level 19 of a ziggurat
 84048 | Zig:19   | Reached skill level 5 in Charms
 84118 | Zig:19   | Got a smoking diamond amulet
 84119 | Zig:19   | Identified the amulet "Pem Muet" {Gourm rPois+} (You found it on level 19 of a ziggurat)
 84138 | Zig:20   | Entered Level 20 of a ziggurat
 84238 | Zig:20   | Paralysed by accursed screaming for 1 turns
 84330 | Zig:20   | Got a crude long sword
 84331 | Zig:20   | Identified the +6 long sword of Mnu Reh {elec, rElec rPois+ HP-9 Str+2 Int+2} (You found it on level 20 of a ziggurat)
 84356 | Zig:20   | Identified the Collected Works on Envenoming and Combat Magic
 84359 | Zig:20   | Identified the Grimoire of Lightness and Conjuration
 84372 | Zig:20   | Learned a level 9 spell: Tornado
 84374 | Zig:20   | Got a slimy mace
 84375 | Zig:20   | Identified the cursed +0 mace of Undoing {crush, rElec rN- HP+9 Dex+3 Stlth+} (You found it on level 20 of a ziggurat)
 84382 | Zig:21   | Entered Level 21 of a ziggurat
 84401 | Zig:21   | Reached skill level 1 in Air Magic
 84516 | Zig:21   | Got a smoking scimitar
 84517 | Zig:21   | Identified the +8 scimitar "Sarcophage" {freeze, rF+ Str-6 Int+2 Dex+5 Stlth+} (You found it on level 21 of a ziggurat)
 84531 | Zig:21   | Identified the Tome of the Compass and Talismans
 84543 | Zig:21   | Got an ancient morningstar
 84544 | Zig:21   | Identified the +4 morningstar "Toho Rea" {crush, Contam Dex+2} (You found it on level 21 of a ziggurat)
 84561 | Zig:21   | Got a twisted whip
 84562 | Zig:21   | Identified the +0 whip "Losant" {drain, rF+ Dex+4} (You found it on level 21 of a ziggurat)
 84575 | Zig:22   | Entered Level 22 of a ziggurat
 84601 | Zig:22   | Reached skill level 5 in Air Magic
 84629 | Zig:22   | Got a brightly glowing turquoise ring
 84630 | Zig:22   | Identified the ring of Wiclipy {+/*Tele rN++} (You found it on level 22 of a ziggurat)
 84663 | Zig:23   | Entered Level 23 of a ziggurat
 84687 | Zig:23   | Reached skill level 24 in Fire Magic
 84697 | Zig:23   | Reached skill level 10 in Air Magic
 84748 | Zig:23   | Got an ichor-stained spear
 84749 | Zig:23   | Identified the cursed +3 spear of Conservatism {pierce, rPois- rC+ MR++ Stlth+} (You found it on level 23 of a ziggurat)
 84764 | Zig:24   | Entered Level 24 of a ziggurat
 84905 | Zig:24   | Got a transparent copper ring
 84906 | Zig:24   | Identified the ring of Xom's Wantonness {+/*Tele rPois+ HP+9 MP+9} (You found it on level 24 of a ziggurat)
 84912 | Zig:24   | Got an ebony spear
 84913 | Zig:24   | Identified the +9 spear "Zaid" {vamp, rF+ MR+ Dex+4 SInv} (You found it on level 24 of a ziggurat)
 84918 | Zig:24   | Identified the Disquisition on Ashen Ice
 84926 | Zig:24   | Gained mutation: You are partially covered in rough black scales (AC +4, Dex -1). [potion of beneficial mutation]
 84937 | Zig:25   | Entered Level 25 of a ziggurat
 84962 | Zig:25   | Noticed Herrn's ghost (legendary GrBe)
 84973 | Zig:25   | Killed Herrn's ghost
 85029 | Zig:25   | Got a shimmering mace
 85030 | Zig:25   | Identified the +7 mace of the Illusory Seas {antimagic, -Tele rC+ HP-9 MP+9} (You found it on level 25 of a ziggurat)
 85057 | Zig:25   | Noticed Strewigi the pandemonium lord
 85106 | Zig:26   | Entered Level 26 of a ziggurat
 85135 | Zig:26   | Reached skill level 15 in Air Magic
 85189 | Zig:26   | Got a pitted shield
 85200 | Zig:26   | Identified the +2 shield of the Kettle-Drum {Str+4} (You acquired it on level 26 of a ziggurat)
 85214 | Zig:26   | Got a shimmering flail
 85215 | Zig:26   | Identified the +10 flail of Xyacs {crush, rC+ Dex+2} (You found it on level 26 of a ziggurat)
 85220 | Zig:26   | Identified Piypunal's Almanac of Combat Magic
 85224 | Zig:26   | Got a brightly glowing glass ring
 85225 | Zig:26   | Identified the ring of Taippun {rElec rPois+ rC- rN+ Str+2 Int+3 Dex+4 Slay-4} (You found it on level 26 of a ziggurat)
 85231 | Zig:26   | Got a glittering iron ring
 85232 | Zig:26   | Identified the ring "Tosixt Mnaog" {+Blink MP+9 Str+2} (You found it on level 26 of a ziggurat)
 85250 | Zig:27   | Entered Level 27 of a ziggurat
 85402 | Zig:27   | Got a sparkling platinum amulet
 85403 | Zig:27   | Identified the amulet "Cleul" {Clar +Blink rN+ Int-4 Stlth-} (You found it on level 27 of a ziggurat)
 85414 | Zig:27   | Got a crude bone amulet
 85415 | Zig:27   | Identified the amulet "Bluolas" {rCorr Dex+4} (You found it on level 27 of a ziggurat)
 85420 | Zig:27   | Identified Sif Muna's Handbook of Mutagenic Weightlessness
 85437 | Zig:27   | Got a twitching lapis lazuli ring
 85439 | Zig:27   | Identified the ring of the Turtle {-Tele rC- rN+ MP+9 Str+4 Int+4} (You found it on level 27 of a ziggurat)
 85533 | Pan      | Noticed Mennas
 85536 | Pan      | Killed Mennas
 85543 | Pan      | Noticed Byutwose the pandemonium lord
 85547 | Pan      | Killed Byutwose the pandemonium lord
 85573 | Pan      | Noticed an ancient lich
 85586 | Pan      | Found a gateway to a ziggurat.
 85667 | Pan      | Killed an ancient lich
 85677 | Zig:1    | Entered Level 1 of a ziggurat
 85727 | Zig:2    | Entered Level 2 of a ziggurat
 85746 | Zig:3    | Entered Level 3 of a ziggurat
 85969 | Zig:4    | Entered Level 4 of a ziggurat
 85998 | Zig:5    | Entered Level 5 of a ziggurat
 86061 | Zig:5    | Got a coiled copper ring
 86063 | Zig:5    | Identified the cursed ring "Axouwk" {-Tele rN+ MR+ Int+3 Dex-4 Slay-4} (You found it on level 5 of a ziggurat)
 86080 | Zig:6    | Entered Level 6 of a ziggurat
 86127 | Zig:6    | Identified Grih Gamm's Collected Works on Battle Magic
 86139 | Zig:7    | Entered Level 7 of a ziggurat
 86172 | Zig:8    | Entered Level 8 of a ziggurat
 86223 | Zig:9    | Entered Level 9 of a ziggurat
 86232 | Zig:9    | Noticed Lups the pandemonium lord
 86233 | Zig:9    | Killed Lups the pandemonium lord
 86268 | Zig:10   | Entered Level 10 of a ziggurat
 86330 | Zig:10   | Identified Zakoneow's Incunabulum of Conjuration and Stones
 86366 | Zig:11   | Entered Level 11 of a ziggurat
 86401 | Zig:11   | Identified the Disquisition on the Aerial Entourage
 86414 | Zig:11   | Gained mutation: You possess an exceptional clarity of mind. [potion of beneficial mutation]
 86430 | Zig:12   | Entered Level 12 of a ziggurat
 86461 | Zig:12   | Got a vibrating platinum amulet
 86462 | Zig:12   | Identified the amulet "Blykkeef" {rCorr Dex+3 SInv} (You found it on level 12 of a ziggurat)
 86465 | Zig:12   | Got an encrusted long sword
 86466 | Zig:12   | Identified the +12 long sword of Ghu Thruo {slice, MR+ Str+3 Dex+4} (You found it on level 12 of a ziggurat)
 86524 | Zig:13   | Entered Level 13 of a ziggurat
 86538 | Zig:13   | Noticed Zokirch the pandemonium lord
 86544 | Zig:13   | Killed Zokirch the pandemonium lord
 86545 | Zig:13   | Reached skill level 10 in Charms
 86581 | Zig:13   | Identified the Disquisition on Cankerous Arcane Weapons
 86614 | Zig:14   | Entered Level 14 of a ziggurat
 86673 | Zig:14   | Got a slimy rapier
 86674 | Zig:14   | Identified the +9 rapier of Imeo {pierce, Dex+4} (You found it on level 14 of a ziggurat)
 86682 | Zig:14   | Identified Set Huik's Tome of Weightlessness and Black Rituals
 86688 | Zig:15   | Entered Level 15 of a ziggurat
 86760 | Zig:15   | Identified Threrumu's Reference Book on Protection and the Mountains
 86775 | Zig:16   | Entered Level 16 of a ziggurat
 86846 | Zig:17   | Entered Level 17 of a ziggurat
 86855 | Zig:17   | Noticed an ancient lich
 86856 | Zig:17   | Noticed an ancient lich
 86857 | Zig:17   | Noticed an ancient lich
 86857 | Zig:17   | Killed an ancient lich
 86857 | Zig:17   | Killed an ancient lich
 86858 | Zig:17   | Killed an ancient lich
 86866 | Zig:17   | Killed an ancient lich
 86869 | Zig:17   | Noticed an ancient lich
 86869 | Zig:17   | Killed an ancient lich
 86870 | Zig:17   | Noticed an ancient lich
 86870 | Zig:17   | Killed an ancient lich
 86920 | Zig:18   | Entered Level 18 of a ziggurat
 87020 | Zig:18   | Got a pitted spear
 87021 | Zig:18   | Identified the +7 spear "Qirhet" {pain, rF+ rC+ Dex+3} (You found it on level 18 of a ziggurat)
 87031 | Zig:18   | Identified the Incunabulum of Burning Aid
 87055 | Zig:19   | Entered Level 19 of a ziggurat
 87134 | Zig:19   | Got a scintillating lead amulet
 87135 | Zig:19   | Identified the amulet of Zekath {rMut Dex+3} (You found it on level 19 of a ziggurat)
 87138 | Zig:19   | Got a wavering lapis lazuli ring
 87139 | Zig:19   | Identified the ring of Vaneps {rPois+ rN+} (You found it on level 19 of a ziggurat)
 87156 | Zig:19   | Identified Sehosiac's Tome of Evil Secrets and Lightness
 87159 | Zig:19   | Got a wavering turquoise ring
 87160 | Zig:19   | Identified the ring "Stukk" {Wiz rElec rN++ Str+2} (You found it on level 19 of a ziggurat)
 87182 | Zig:20   | Entered Level 20 of a ziggurat
 87266 | Zig:20   | Reached skill level 25 in Fighting
 87281 | Zig:20   | Got a translucent zirconium amulet
 87282 | Zig:20   | Identified the amulet of Devotion {Clar rN+ MR+} (You found it on level 20 of a ziggurat)
 87289 | Zig:20   | Identified Jeamuczo's Grimoire of Combat Magic and Clay (You found it on level 20 of a ziggurat)
 87300 | Zig:20   | Reached skill level 15 in Evocations
 87301 | Zig:20   | Gained mutation: You can translocate small distances at will. [potion of beneficial mutation]
 87322 | Zig:20   | Got a polished shield
 87323 | Zig:20   | Identified the +8 shield of Theory {*Tele rElec rF+ Str+4 Dex+4} (You found it on level 20 of a ziggurat)
 87348 | Zig:21   | Entered Level 21 of a ziggurat
 87688 | Zig:21   | Gained mutation: Your muscles are strong. (Str +2) [potion of beneficial mutation]
 87712 | Zig:21   | Got a dazzling hat
 87713 | Zig:21   | Identified the cursed -2 hat of Night {rN+ Dex+3 Slay+4 SInv} (You found it on level 21 of a ziggurat)
 87721 | Zig:22   | Entered Level 22 of a ziggurat
 87754 | Zig:22   | Reached skill level 26 in Fighting
 87804 | Zig:22   | Identified Strohywn's Handbook of Creative Fire
 87814 | Zig:22   | Got a brightly glowing crystal amulet
 87815 | Zig:22   | Identified the amulet "Muic" {Faith rN- Dex+4 SInv} (You found it on level 22 of a ziggurat)
 87827 | Zig:22   | Got a brightly glowing spear
 87828 | Zig:22   | Identified the +7 spear of the Three Mice {venom, rPois- rF+ rN+ Str+3 Int+4 Dex+2} (You found it on level 22 of a ziggurat)
 87837 | Zig:23   | Entered Level 23 of a ziggurat
 87869 | Zig:23   | Reached skill level 27 in Fighting
 87923 | Zig:23   | Got a transparent whip
 87924 | Zig:23   | Identified the +11 whip of Demand {freeze, rC+ Dex+3} (You found it on level 23 of a ziggurat)
 87946 | Zig:23   | Got a twisted double sword
 87947 | Zig:23   | Identified the +12 double sword "Stoba" {slice, MR- Dex+4 SInv} (You found it on level 23 of a ziggurat)
 87954 | Zig:24   | Entered Level 24 of a ziggurat
 88047 | Zig:24   | Got a fine platinum amulet
 88048 | Zig:24   | Identified the amulet of the Devil's Advocate {Stasis -Cast rElec Int+4 Slay+3 Stlth+} (You found it on level 24 of a ziggurat)
 88055 | Zig:24   | Got a wavering crystal amulet
 88056 | Zig:24   | Identified the amulet "Schantur" {Inacc rElec rC+} (You found it on level 24 of a ziggurat)
 88089 | Zig:24   | Identified the Disquisition on Displaced Sinister Secrets
 88092 | Zig:24   | Got a brightly glowing bone ring
 88093 | Zig:24   | Identified the ring "Yvaputh" {+Fly Int+2} (You found it on level 24 of a ziggurat)
 88114 | Zig:24   | Identified the Compendium of the Glacier
 88161 | Pan      | Noticed Byostr Thosko the pandemonium lord
 88164 | Pan      | Killed Byostr Thosko the pandemonium lord
 88209 | Pan      | Upgraded the game from 0.16-a0-3706-g5dff784 to 0.16-a0-3712-g87ae24a
 88481 | Pan      | Reached skill level 1 in Staves
 88490 | Pan      | Got a demonic rune of Zot
 88858 | Pan      | Reached skill level 5 in Staves
 89030 | Pan      | Found an exit through the horrors of the Abyss.
 89039 | Pan      | Took an exit into the Abyss.
 89039 | Abyss:1  | Escaped into the Abyss
 89056 | Depths:3 | Escaped the Abyss
 89106 | Pan      | Entered Pandemonium
 89134 | Pan      | Found an exit through the horrors of the Abyss.
 89139 | Pan      | Took an exit into the Abyss.
 89139 | Abyss:1  | Escaped into the Abyss
 89139 | Abyss:1  | Found a corrupted altar of Lugonu.
 89217 | Depths:3 | Escaped the Abyss
 89219 | Pan      | Entered the realm of Lom Lobon.
 89219 | Pan      | Entered Pandemonium
 89219 | Pan      | Noticed Lom Lobon
 89240 | Pan      | Killed Lom Lobon
 89283 | Pan      | Got a magical rune of Zot
 89296 | Pan      | Found an exit through the horrors of the Abyss.
 89298 | Pan      | Took an exit into the Abyss.
 89298 | Abyss:1  | Escaped into the Abyss
 89299 | Abyss:1  | Found a corrupted altar of Lugonu.
 89327 | Depths:3 | Escaped the Abyss
 89335 | Pan      | Entered Pandemonium
 89348 | Pan      | Entered the realm of Cerebov.
 89390 | Pan      | Found an exit through the horrors of the Abyss.
 89603 | Pan      | Noticed Cerebov
 89853 | Pan      | Killed Cerebov
 89853 | Pan      | Reached skill level 10 in Staves
 89916 | Pan      | Got a fiery rune of Zot
 90167 | Pan      | Identified Grul's Collected Works on Enhancements and Beguiling
 90257 | Pan      | Identified the Tome of Earthen Combat Magic
 90470 | Pan      | Identified the Almanac of Enhancements and the Snowflakes
 90698 | Pan      | Found a gateway to a ziggurat.
 90710 | Zig:1    | Entered Level 1 of a ziggurat
 90725 | Zig:2    | Entered Level 2 of a ziggurat
 90741 | Zig:3    | Entered Level 3 of a ziggurat
 90757 | Zig:4    | Entered Level 4 of a ziggurat
 90772 | Zig:4    | Identified the Disquisition on Malediction
 90780 | Zig:4    | Identified the Reference Book on Cold
 90788 | Zig:5    | Entered Level 5 of a ziggurat
 90820 | Zig:6    | Entered Level 6 of a ziggurat
 90844 | Zig:6    | Got a clouded ivory ring
 90845 | Zig:6    | Identified the ring of Cimy {rPois+ rN+ Int+1 Dex+3} (You found it on level 6 of a ziggurat)
 90852 | Zig:6    | Got a vibrating glass ring
 90858 | Zig:6    | Identified the ring of Magougou {-Tele rC+ rN+ Str+4 Dex+4} (You found it on level 6 of a ziggurat)
 90864 | Zig:7    | Entered Level 7 of a ziggurat
 90912 | Zig:8    | Entered Level 8 of a ziggurat
 90917 | Zig:8    | Noticed an orb of fire
 90921 | Zig:8    | Noticed an orb of fire
 90922 | Zig:8    | Killed an orb of fire
 90923 | Zig:8    | Noticed an orb of fire
 90924 | Zig:8    | Killed an orb of fire
 90924 | Zig:8    | Killed an orb of fire
 90925 | Zig:8    | Noticed an orb of fire
 90926 | Zig:8    | Noticed an orb of fire
 90928 | Zig:8    | Killed an orb of fire
 90930 | Zig:8    | Killed an orb of fire
 90966 | Zig:9    | Entered Level 9 of a ziggurat
 91027 | Zig:10   | Entered Level 10 of a ziggurat
 91060 | Zig:10   | Identified the Catalogue of Earthen Calling
 91092 | Zig:11   | Entered Level 11 of a ziggurat
 91094 | Zig:11   | Noticed Xiguana's ghost (legendary GrBe)
 91106 | Zig:11   | Killed Xiguana's ghost
 91126 | Zig:11   | Noticed Loppyps the pandemonium lord
 91126 | Zig:11   | Killed Loppyps the pandemonium lord
 91181 | Zig:12   | Entered Level 12 of a ziggurat
 91233 | Zig:13   | Entered Level 13 of a ziggurat
 91246 | Zig:13   | Noticed Cruc the pandemonium lord
 91255 | Zig:13   | Killed Cruc the pandemonium lord
 91320 | Zig:13   | Identified Asmodeus' Handbook of Ignition and Attacks
 91348 | Zig:14   | Entered Level 14 of a ziggurat
 91399 | Zig:14   | Identified the Grimoire of Vitriolic Combat Magic
 91421 | Zig:15   | Entered Level 15 of a ziggurat
 91458 | Zig:15   | Got a crude ruby amulet
 91459 | Zig:15   | Identified the amulet "Faepp" {rCorr rPois+} (You found it on level 15 of a ziggurat)
 91462 | Zig:15   | Identified Oton's Papyrus of the Hurtful Blaze
 91465 | Zig:15   | Identified the Compendium of a Hundred Suns
 91481 | Zig:15   | Got a warped steel ring
 91482 | Zig:15   | Identified the ring "Fisour Sehi" {Fire Str+5 Int+3} (You found it on level 15 of a ziggurat)
 91512 | Zig:16   | Entered Level 16 of a ziggurat
 91564 | Zig:16   | Identified Lehudib's Handbook of the Mountains
 91584 | Zig:16   | Gained mutation: You passively map a small area around you. [potion of beneficial mutation]
 91593 | Zig:17   | Entered Level 17 of a ziggurat
 91600 | Zig:17   | Noticed Pnanwicry the pandemonium lord
 91600 | Zig:17   | Noticed Ligae the pandemonium lord
 91603 | Zig:17   | Noticed Kicausatt the pandemonium lord
 91604 | Zig:17   | Killed Pnanwicry the pandemonium lord
 91604 | Zig:17   | Killed Kicausatt the pandemonium lord
 91605 | Zig:17   | Killed Ligae the pandemonium lord
 91607 | Zig:17   | Noticed Ciaviruasm the pandemonium lord
 91610 | Zig:17   | Noticed Evafot the pandemonium lord
 91610 | Zig:17   | Killed Evafot the pandemonium lord
 91610 | Zig:17   | Reached skill level 27 in Fire Magic
 91610 | Zig:17   | Killed Ciaviruasm the pandemonium lord
 91612 | Zig:17   | Noticed Jorho the pandemonium lord
 91613 | Zig:17   | Noticed Straffei the pandemonium lord
 91614 | Zig:17   | Noticed Xiufud the pandemonium lord
 91614 | Zig:17   | Killed Jorho the pandemonium lord
 91614 | Zig:17   | Killed Xiufud the pandemonium lord
 91615 | Zig:17   | Noticed Streung the pandemonium lord
 91615 | Zig:17   | Killed Straffei the pandemonium lord
 91616 | Zig:17   | Killed Streung the pandemonium lord
 91617 | Zig:17   | Noticed Xoucyu the pandemonium lord
 91619 | Zig:17   | Killed Pnujuj the pandemonium lord
 91620 | Zig:17   | Killed Xoucyu the pandemonium lord
 91621 | Zig:17   | Noticed Shrodeow the pandemonium lord
 91623 | Zig:17   | Killed Shrodeow the pandemonium lord
 91624 | Zig:17   | Noticed Iclaq the pandemonium lord
 91630 | Zig:17   | Killed Iclaq the pandemonium lord
 91649 | Zig:17   | Identified Citeimp's Volume of Scorching Arcane Weapons
 91708 | Zig:18   | Entered Level 18 of a ziggurat
 91730 | Zig:18   | Reached skill level 27 in Conjurations
 91765 | Zig:18   | Got a coiled iron amulet
 91766 | Zig:18   | Identified the amulet "Clobb" {Gourm rF++ rC+ Int+4 Slay-2} (You found it on level 18 of a ziggurat)
 91784 | Zig:19   | Entered Level 19 of a ziggurat
 91805 | Zig:19   | Reached skill level 27 in Air Magic
 91863 | Zig:20   | Entered Level 20 of a ziggurat
 91968 | Zig:21   | Entered Level 21 of a ziggurat
 91989 | Zig:21   | Noticed Waeronka the pandemonium lord
 91993 | Zig:21   | Killed Waeronka the pandemonium lord
 92006 | Zig:21   | Reached skill level 27 in Dodging
 92032 | Zig:21   | Got an ancient wooden ring
 92033 | Zig:21   | Identified the ring of the Hippo {+Fly rF++ rC+ rN+ Dex-3 Stlth-} (You found it on level 21 of a ziggurat)
 92051 | Zig:21   | Got a flickering steel ring
 92052 | Zig:21   | Identified the ring "Boufaife" {-Cast rPois+ Str+2 Dex+4} (You found it on level 21 of a ziggurat)
 92063 | Zig:21   | Got a sparkling lead amulet
 92064 | Zig:21   | Identified the amulet "Wiorr" {Ward rN+ HP+9} (You found it on level 21 of a ziggurat)
 92107 | Zig:22   | Entered Level 22 of a ziggurat
 92135 | Zig:22   | Reached skill level 27 in Spellcasting
 92135 | Zig:22   | Reached skill level 5 in Earth Magic
 92161 | Zig:22   | Got a coiled glass ring
 92162 | Zig:22   | Identified the ring of Muer {rElec Int+3 Stlth+} (You found it on level 22 of a ziggurat)
 92232 | Zig:23   | Entered Level 23 of a ziggurat
 92255 | Zig:23   | Reached skill level 15 in Stealth
 92262 | Zig:23   | Reached skill level 10 in Earth Magic
 92301 | Zig:23   | Got a heavily runed ruby amulet
 92302 | Zig:23   | Identified the amulet of Zuatyer {Gourm rPois+ rN++ Int-2} (You found it on level 23 of a ziggurat)
 92305 | Zig:23   | Identified the Incunabulum of the Other Side
 92340 | Zig:24   | Entered Level 24 of a ziggurat
 92397 | Zig:24   | Got a scintillating ivory ring
 92398 | Zig:24   | Identified the ring "Amughyg" {rF+ MR++ MP+9 Str+4 Int+3 Slay-4} (You found it on level 24 of a ziggurat)
 92432 | Zig:24   | Gained mutation: You are agile. (Dex +2) [potion of beneficial mutation]
 92465 | Zig:25   | Entered Level 25 of a ziggurat
 92699 | Zig:25   | Got a scintillating tin ring
 92700 | Zig:25   | Identified the cursed ring of Darkness {Contam rF++ Str-2 Int+2} (You found it on level 25 of a ziggurat)
 92716 | Zig:25   | Got a translucent crystal amulet
 92717 | Zig:25   | Identified the amulet "Wutes" {rMut rPois+ rC+ MR+ Dex+2} (You found it on level 25 of a ziggurat)
 92733 | Zig:25   | Gained mutation: You are resistant to electric shocks. [potion of beneficial mutation]
 92734 | Zig:25   | Gained mutation: Your natural rate of healing is unusually fast. [potion of beneficial mutation]
 92757 | Zig:26   | Entered Level 26 of a ziggurat
 92776 | Zig:26   | Noticed an ancient lich
 92779 | Zig:26   | Noticed an ancient lich
 92779 | Zig:26   | Killed an ancient lich
 92781 | Zig:26   | Killed an ancient lich
 92787 | Zig:26   | Noticed an ancient lich
 92787 | Zig:26   | Noticed an ancient lich
 92787 | Zig:26   | Killed an ancient lich
 92789 | Zig:26   | Killed an ancient lich
 92792 | Zig:26   | Noticed an ancient lich
 92793 | Zig:26   | Killed an ancient lich
 92803 | Zig:26   | Noticed an ancient lich
 92813 | Zig:26   | Killed an ancient lich
 92862 | Zig:26   | Noticed an ancient lich
 92884 | Zig:26   | Killed an ancient lich
 93027 | Zig:26   | Got a smoking pewter amulet
 93031 | Zig:26   | Got a wavering diamond amulet
 93033 | Zig:26   | Identified the amulet of Quapiokh {Gourm rElec rF- rC+ rN++ MP-9 Str-3 Int+3 Dex+4} (You found it on level 26 of a ziggurat)
 93036 | Zig:26   | Identified the amulet "Asmieng" {Regen+ MP+9 Str+4 Dex-4 Stlth+} (You found it on level 26 of a ziggurat)
 93088 | Zig:27   | Entered Level 27 of a ziggurat
 93126 | Zig:27   | Reached skill level 15 in Earth Magic
 93292 | Pan      | Found an exit through the horrors of the Abyss.
 93318 | Pan      | Noticed Qimulocu the pandemonium lord
 93321 | Pan      | Killed Qimulocu the pandemonium lord
 93331 | Pan      | Got a translucent iron amulet
 93332 | Pan      | Identified the amulet of Vunoxop {Clar rElec} (You found it in Pandemonium)
 93336 | Pan      | Entered the realm of Mnoleg.
 93365 | Pan      | Reached skill level 27 in Shields
 93459 | Pan      | Noticed Mnoleg
 93464 | Pan      | Killed Mnoleg
 93519 | Pan      | Got a glowing rune of Zot
 93614 | Pan      | Entered the realm of Gloorx Vloq.
 93614 | Pan      | Found an exit through the horrors of the Abyss.
 93807 | Pan      | Noticed Gloorx Vloq
 93815 | Pan      | Killed Gloorx Vloq
 93835 | Pan      | Got a dark rune of Zot
 93849 | Pan      | Took an exit into the Abyss.
 93849 | Abyss:1  | Escaped into the Abyss
 93854 | Abyss:1  | Found a corrupted altar of Lugonu.
 93890 | Depths:3 | Escaped the Abyss
 93925 | Hell     | Entered the Vestibule of Hell
 93925 | Hell     | Noticed Geryon
 93934 | Hell     | Killed Geryon
 93942 | Hell     | Reached skill level 1 in Translocations
 93961 | Hell     | Found a gateway to the ashen valley of Gehenna.
 93993 | Geh:1    | Entered Level 1 of Gehenna
 94100 | Geh:2    | Reached skill level 5 in Translocations
 94251 | Geh:7    | Entered Level 7 of Gehenna
 94519 | Geh:7    | Reached skill level 10 in Translocations
 94608 | Geh:7    | Noticed Asmodeus
 94616 | Geh:7    | Killed Asmodeus
 94663 | Geh:7    | Got an obsidian rune of Zot
 94744 | Hell     | Found a gateway to the decaying netherworld of Tartarus.
 94752 | Tar:1    | Entered Level 1 of Tartarus
 95006 | Tar:7    | Entered Level 7 of Tartarus
 95593 | Tar:7    | Got a shimmering bone ring
 95594 | Tar:7    | Identified the ring "Xehas" {rF+ MP+9} (You found it on level 7 of Tartarus)
 95810 | Tar:7    | Reached skill level 15 in Translocations
 96010 | Tar:7    | Reached skill level 27 in Evocations
 96017 | Tar:7    | Noticed Ereshkigal
 96019 | Tar:7    | Killed Ereshkigal
 96032 | Tar:7    | Got a bone rune of Zot
 96077 | Hell     | Found a gateway to the freezing wastes of Cocytus.
 96094 | Coc:1    | Entered Level 1 of Cocytus
 96286 | Coc:7    | Entered Level 7 of Cocytus
 96340 | Coc:7    | Noticed the Serpent of Hell
 96348 | Coc:7    | Killed the Serpent of Hell
 96469 | Coc:7    | Noticed Antaeus
 96485 | Coc:7    | Killed Antaeus
 96627 | Coc:7    | Noticed Charly's ghost (legendary DgFE)
 96637 | Coc:7    | Killed Charly's ghost
 96661 | Coc:7    | Got a clouded wooden ring
 96662 | Coc:7    | Identified the ring "Fauciy" {+Blink rPois+ rN- Str+4 Int-3 Stlth++} (You found it on level 7 of Cocytus)
 96942 | Coc:7    | Got an icy rune of Zot
 96979 | Hell     | Found a gateway to the Iron City of Dis.
 97013 | Dis:1    | Entered Level 1 of the Iron City of Dis
 97106 | Dis:2    | You fall through a shaft!
 97210 | Dis:6    | Found a huge runed gate.
 97210 | Dis:6    | Found a huge runed gate.
 97210 | Dis:6    | Found a huge runed gate.
 97210 | Dis:6    | Found a huge runed gate.
 97210 | Dis:6    | Found a huge runed gate.
 97210 | Dis:6    | Found a huge runed gate.
 97228 | Dis:7    | Entered Level 7 of the Iron City of Dis
 97349 | Dis:7    | Got a heavily runed ivory ring
 97350 | Dis:7    | Identified the ring "Onett" {Ice rPois- HP+9 MP+9 Str+3 Int+2 Stlth+} (You found it on level 7 of the Iron City of Dis)
 97731 | Dis:7    | Noticed Dispater
 97743 | Dis:7    | Killed Dispater
 97787 | Dis:7    | Got an iron rune of Zot
 98161 | Crypt:1  | Entered Level 1 of the Crypt
 98408 | Crypt:3  | Entered Level 3 of the Crypt
 98411 | Crypt:3  | Noticed androgeny's ghost (great SpAs)
 98431 | Crypt:3  | Killed androgeny's ghost
 98525 | Crypt:3  | Found a staircase to the Tomb.
 98533 | Tomb:1   | Entered Level 1 of the Tomb of the Ancients
 98607 | Tomb:1   | Noticed Frederick
 98611 | Tomb:1   | Killed Frederick
 98800 | Tomb:2   | Noticed Jorgrun
 98802 | Tomb:2   | Killed Jorgrun
 98807 | Tomb:2   | Noticed Boris
 98813 | Tomb:2   | Killed Boris
 99193 | Tomb:1   | Noticed Jory
 99196 | Tomb:1   | Killed Jory
 99276 | Tomb:1   | Reached skill level 27 in Translocations
 99466 | Tomb:3   | Entered Level 3 of the Tomb of the Ancients
 99549 | Tomb:3   | Lost dexterity.
 99552 | Tomb:3   | HP: 10/264 [bennu (17)]
 99552 | Tomb:3   | HP: 2/264 [bennu (6)]
 99552 | Tomb:3   | Killed from afar by a greater mummy

Inventory:

Hand weapons
 b - the cursed +3 Elemental Staff {rElec rF++ rC++ MR++ AC+5}
   (You found it on level 3 of a ziggurat)

   It affects your AC (+5).
   It greatly protects you from fire.
   It greatly protects you from cold.
   It insulates you from electricity.
   It affects your resistance to hostile enchantments.
   It has a curse placed upon it.
 e - the cursed +6 Sword of Cerebov {flame}
   (You took it off Cerebov in Pandemonium)

   It emits flame when wielded, causing extra injury to most foes and up to half
   again as much damage against particularly susceptible opponents.
   Big, fiery blades are also staple armaments of hydra-hunters.
   It has a curse placed upon it.
 j - the cursed +4 Staff of Dispater
   (You took it off Dispater on level 7 of the Iron City of Dis)

   It has a curse placed upon it.
 r - the cursed +7 Sceptre of Asmodeus
   (You took it off Asmodeus on level 7 of Gehenna)

   It has a curse placed upon it.
Armour
 R - a cursed +5 shield of reflection (worn)
 S - the cursed +2 hat of the High Council (worn) {Archmagi, Wiz- Stlth-}
   (You found it on level 7 of a ziggurat)

   It makes you less stealthy.
   It has a curse placed upon it.
Magical staves
 a - a cursed staff of energy (weapon)
Jewellery
 c - the cursed ring "Fisour Sehi" (right tentacle) {Fire Str+5 Int+3}
   (You found it on level 15 of a ziggurat)

   [ring of fire]

   It enhances your fire magic, and weakens your ice magic.
   It affects your strength (+5).
   It affects your intelligence (+3).
   It protects you from fire.
   It makes you vulnerable to cold.
   It has a curse placed upon it.
 g - the cursed ring "Fuporu" (left tentacle) {rElec rN+ Str+4 Int+5 Dex+3}
   (You found it on level 6 of a ziggurat)

   [ring of positive energy]

   It affects your strength (+4).
   It affects your intelligence (+5).
   It affects your dexterity (+3).
   It insulates you from electricity.
   It protects you from negative energy.
   It has a curse placed upon it.
 h - the cursed ring "Amughyg" (on tentacle) {rF+ MR++ MP+9 Str+4 Int+3 Slay-4}
   (You found it on level 24 of a ziggurat)

   [ring of magical power]

   It affects your strength (+4).
   It affects your intelligence (+3).
   It affects your accuracy and damage with ranged weapons and melee attacks
   (-4).
   It protects you from fire.
   It affects your resistance to hostile enchantments.
   It affects your magic capacity (+9).
   It has a curse placed upon it.
 n - the cursed amulet of Gyumneih (around mantle) {Ward +Blink rPois+ rN+ Str-2 Int+3}
   (You found it on level 6 of the Pits of Slime)

   [amulet of warding]

   It may prevent the melee attacks of summoned creatures.
   It affects your strength (-2).
   It affects your intelligence (+3).
   It protects you from poison.
   It protects you from negative energy.
   It lets you blink.
   It has a curse placed upon it.
 o - the cursed brooch of Shielding {Ward rN+ AC+4 EV+4}
   (You found it on level 12 of a ziggurat)

   [amulet of warding]

   It may prevent the melee attacks of summoned creatures.
   It affects your AC (+4).
   It affects your evasion (+4).
   It protects you from negative energy.
   It has a curse placed upon it.
 s - the cursed ring of Chao (on tentacle) {rF+ rN- HP+9 MP+9 Str+4 Int+4 Dex-4 Stlth+}
   (You found it on level 8 of a ziggurat)

   [ring of stealth]

   It affects your strength (+4).
   It affects your intelligence (+4).
   It affects your dexterity (-4).
   It protects you from fire.
   It makes you vulnerable to negative energy.
   It affects your health (+9).
   It affects your magic capacity (+9).
   It makes you more stealthy.
   It has a curse placed upon it.
 A - the cursed ring "Zeoxt" (on tentacle) {+Blink rPois+ MP+9 Str+4 Int+4}
   (You found it on level 16 of a ziggurat)

   [ring of poison resistance]

   It affects your strength (+4).
   It affects your intelligence (+4).
   It protects you from poison.
   It affects your magic capacity (+9).
   It lets you blink.
   It has a curse placed upon it.
 C - the cursed ring "Kobebeck" (on tentacle) {rPois+ MR+ HP+9 AC+4 Str-2 Int+3}
   (You found it on level 9 of a ziggurat)

   [ring of protection]

   It affects your AC (+4).
   It affects your strength (-2).
   It affects your intelligence (+3).
   It protects you from poison.
   It affects your resistance to hostile enchantments.
   It affects your health (+9).
   It has a curse placed upon it.
 J - the cursed ring of Descent (on tentacle) {rF++ Slay+4 SInv}
   (You bought it in a shop on level 9 of the Dungeon)

   [ring of see invisible]

   It affects your accuracy and damage with ranged weapons and melee attacks
   (+4).
   It greatly protects you from fire.
   It enhances your eyesight.
   It has a curse placed upon it.
 P - the cursed ring "Zipehomu" (on tentacle) {Wiz rC+ Stlth+}
   (You found it on level 6 of the Pits of Slime)

   [ring of wizardry]

   It improves your spell success rate.
   It protects you from cold.
   It makes you more stealthy.
   It has a curse placed upon it.
 Q - the cursed ring of Shaolin {EV+8}
   (You bought it in a shop on level 9 of the Dungeon)

   [ring of evasion]

   It affects your evasion (+8).
   It has a curse placed upon it.
 U - the cursed ring of the Mage {Wiz MR++ Int+3}
   (You found it on level 11 of a ziggurat)

   [ring of wizardry]

   It improves your spell success rate.
   It affects your intelligence (+3).
   It affects your resistance to hostile enchantments.
   It has a curse placed upon it.
Magical devices
 x - a wand of heal wounds (8)
 y - a wand of hasting (0)
 I - a wand of digging (9)
 T - a wand of teleportation (6)
 W - a wand of disintegration (3)
Scrolls
 f - 3 scrolls of identify
 k - 37 scrolls of recharging
 q - 18 scrolls of blinking
 z - a scroll of immolation
 D - 63 scrolls of remove curse
 L - a scroll of magic mapping
 M - 15 scrolls of amnesia
 N - 38 scrolls of fog
 Z - 54 scrolls of teleportation
Potions
 l - 25 potions of curing
 m - 4 potions of heal wounds
 p - 43 potions of cure mutation
 u - 4 potions of brilliance
 w - 3 potions of haste
 B - 11 potions of restore abilities
 E - 4 potions of invisibility
 F - 3 potions of cancellation
 H - 4 potions of magic
Miscellaneous
 d - a legendary deck of changes {the Alchemist}
 i - a legendary deck of defence {the Alchemist}
 v - 6 lamps of fire
Comestibles
 t - 59 meat rations
 X - 44 royal jellies

Table legend:
 A = Turns spent in this place as a percentage of turns spent in the entire game.
 B = Non-inter-level travel turns spent in this place as a percentage of non-inter-level travel turns spent in the entire game.
 C = Inter-level travel turns spent in this place as a percentage of turns spent in this place.
 D = Turns resting spent in this place as a percentage of non-inter-level travel turns spent in this place.
 E = Turns spent auto-exploring this place as a percentage of non-inter-level travel turns spent in this place.
 F = Non-inter-level travel turns spent in this place divided by the number of levels of this place that you've seen.
                   A       B       C       D       E      F
               +-------+-------+-------+-------+-------+----------------------
         Total | 100.0 | 100.0 |   0.5 |   6.5 |   6.4 | 153.6
       Dungeon |  12.7 |  12.6 |   1.0 |  10.1 |  11.0 | 289.8
        Temple |   0.0 |   0.0 |   7.1 |   0.0 |  92.3 |  13.0
          Lair |   6.0 |   6.0 |   0.9 |   9.2 |  12.1 | 257.0
         Swamp |   3.5 |   3.5 |   0.7 |  17.9 |  11.5 | 240.4
   Spider Nest |   2.9 |   2.9 |   1.2 |  17.1 |  13.1 | 199.2
    Slime Pits |   1.8 |   1.8 |   1.5 |  13.2 |   0.7 | 100.8
  Orcish Mines |   2.1 |   2.1 |   1.8 |   6.4 |  18.4 | 179.2
   Elven Halls |   2.1 |   2.1 |   1.0 |   3.5 |  22.5 | 238.0
        Vaults |   7.2 |   7.2 |   0.8 |  11.6 |  18.6 | 494.8
         Crypt |   1.1 |   1.2 |   0.0 |   0.0 |   0.0 | 132.3
          Tomb |   3.0 |   3.0 |   0.5 |   1.3 |   1.1 | 339.7
        Depths |   5.9 |   5.9 |   1.0 |  13.1 |  15.3 | 405.4
          Hell |   0.8 |   0.8 |   0.4 |   0.0 |   0.0 | 280.0
           Dis |   2.5 |   2.5 |   0.0 |   0.2 |   0.0 | 141.5
       Gehenna |   1.8 |   1.8 |   0.3 |   3.5 |   0.0 |  89.6
       Cocytus |   2.3 |   2.3 |   0.7 |   1.4 |   0.0 | 114.1
      Tartarus |   2.6 |   2.5 |   2.2 |   1.9 |   0.3 | 124.9
         Abyss |   3.1 |   3.1 |   0.0 |   2.0 |   0.4 | 119.4
   Pandemonium |  12.3 |  12.4 |   0.0 |   5.0 |   2.6 | 170.6
      Ziggurat |  24.5 |  24.6 |   0.0 |   1.8 |   0.0 |  89.3
         Trove |   0.2 |   0.2 |   0.0 |   0.0 |   0.0 |  64.0
       Ossuary |   0.8 |   0.8 |   0.0 |  10.3 |   1.7 | 292.0
      Ice Cave |   0.5 |   0.5 |   0.0 |  18.6 |   7.2 | 167.0
        Wizlab |   0.2 |   0.2 |   0.0 |  12.9 |   0.0 |  70.0
               +-------+-------+-------+-------+-------+----------------------


   Skills:
 O Level 27(25.8) Fighting
 - Level 14.4(13.5) Staves
 O Level 27(25.8) Dodging
 - Level 20.9(19.9) Stealth
 O Level 27(25.8) Shields
 O Level 27(25.8) Spellcasting
 O Level 27(25.8) Conjurations
 - Level 13.5(12.7) Charms
 - Level 22.0(21.0) Necromancy
 O Level 27(25.8) Translocations
 - Level 12.0(11.2) Transmutations
 O Level 27(25.8) Fire Magic
   Level 9.4(8.6) Ice Magic
 O Level 27(25.8) Air Magic
 + Level 20.1(19.1) Earth Magic
 O Level 27(25.8) Evocations


You had 13 spell levels left.
You knew the following spells:

 Your Spells              Type           Power        Failure   Level  Hunger
a - Flight                Chrm/Air       #########.   1%          3    None
b - Apportation           Tloc           #########.   1%          1    None
c - Blink                 Tloc           N/A          1%          2    None
d - Necromutation         Trmt/Necr      #########.   1%          8    None
e - Iron Shot             Conj/Erth      #########.   1%          6    None
f - Tornado               Air            #########.   1%          9    None
h - Orb of Destruction    Conj           #########.   1%          7    None
i - Regeneration          Chrm/Necr      #########.   1%          3    None
j - Fire Storm            Conj/Fire      ##########   1%          9    None
k - Control Teleport      Chrm/Tloc      #########.   1%          4    None
l - Death's Door          Chrm/Necr      #########.   1%          8    None
m - Summon Butterflies    Summ           #######.     1%          1    None
n - Deflect Missiles      Chrm/Air       #########.   1%          6    None


Dungeon Overview and Level Annotations

Branches:
Dungeon (15/15)            Temple (1/1) D:7            Lair (8/8) D:8
  Swamp (5/5) Lair:3       Spider (5/5) Lair:4        Slime (6/6) Lair:8
    Orc (4/4) D:11            Elf (3/3) Orc:4        Vaults (5/5) D:13
  Crypt (3/3) Vaults:2       Tomb (3/3) Crypt:3      Depths (5/5) D:15
   Hell (1/1)                 Dis (7/7) Hell            Geh (7/7) Hell
    Coc (7/7) Hell            Tar (7/7) Hell            Zot (0/5) Depths:5

Altars:
Ashenzari
Cheibriados
Dithmenos
Elyvilon
Fedhas
Gozag
Kikubaaqudgha
Makhleb
Nemelex Xobeh
Okawaru
Qazlal
Ru
Sif Muna
Trog
Vehumet
Xom
Yredelemnul
Zin
The Shining One
Beogh
Jiyva

Shops:
D:9 =*   Orc:1 !   Orc:4 [((!   Elf:2 !   Elf:3 %   Vaults:4 [   Depths:3 (

Portals:
Hell: Depths:1 Depths:2 Depths:3 Depths:4 Depths:5
Abyss: Depths:1 Depths:4
Pandemonium: Depths:3

Annotations:
D:10 runed door
Orc:4 Saint Roka
Depths:4 runed door
Dis:6 runed door


Innate Abilities, Weirdness & Mutations

You cannot wear most types of armour.
You are amphibious.
You can wear up to eight rings at the same time.
You can use your tentacles to constrict many enemies at once.
Your skin changes colour to match your surroundings (Stealth).
Your rubbery body absorbs attacks (AC +1).
You have a beak for a mouth.
You are surrounded by a mild repulsion field (EV +2).
You are partially covered in rough black scales (AC +4, Dex -1).
You are partially covered in yellow scales (AC +2).
You are agile. (Dex +2)
You can translocate small distances at will.
You possess an exceptional clarity of mind.
You passively map a small area around you.
Your natural rate of healing is unusually fast.
You are robust (+10% HP).
You are resistant to electric shocks.
Your muscles are strong. (Str +2)


Message History

You destroy the greater mummy!
Vehumet accepts your kill.
You feel your power returning.
You feel extremely nervous for a moment...
Death has come for you...
Your Earth Magic skill increases to level 20!
The fire vortex dissipates!
The winds around you start to calm down.
You float gracefully downwards.
The emperor scorpion disappears in a puff of smoke! x3
The death scarab bites you!
You feel yourself grow more vulnerable to negative energy.
You feel drained.
The death scarab draws strength from your injuries!
The death scarab bites you. The death scarab drains your vigour!
You feel yourself slow down.
The greater mummy calls on the powers of darkness!
The bennu convulses!
Your body is wracked with pain!
The bennu pecks you! The bennu barely misses you.
The bennu claws you but does no damage.
A death scarab comes into view.
Drink which item? (? for menu, Esc to quit)
You feel your strength returning.
You feel your intelligence returning.
You feel your dexterity returning. The winds around you calm down.
The death scarab bites you. The death scarab drains your vigour!
You feel as though you will be slow longer.
The death scarab barely misses you. The bennu pecks you. The bennu claws you!
The bennu completely misses you. The bennu barely misses you.
The bennu barely misses you. The bennu claws you.
The greater mummy gestures wildly while chanting.
The bennu pecks you. The bennu claws you!
You feel drained. The bennu claws you.
You are covered in liquid flames.
You are covered in liquid flames!
The reaper hits you with a scythe of freezing!!
The reaper freezes you. The bennu pecks you! The bennu claws you.
The bennu claws you.
You are covered in liquid flames.
You are covered in liquid flames!
The greater mummy points at you and mumbles some strange words.
Something smites you!
You die...

#)........%..# ,
##......§.§...## ,, ,
#......##§.....# , * , ,
#...†..##......# , ,
##......##......# .,,
#......?##......#
...§,#†......##......# ,
...?§§#s.....##.......#
B§..§s§b@...##......(.#
.§§§sM§M2..##.....#...# #
....s######.....##...#
,..########.........##*...#
, ...................## ,..
..$...............[##
...................#, *
................####
#.†.†............#*


You could see a greater mummy, 4 emperor scorpions, a reaper, a bennu, a
guardian mummy and a death scarab.

Table legend:
 A = Kills in this place as a percentage of kills in entire the game.
 B = Kills by you in this place as a percentage of kills by you in the entire game.
 C = Kills by friends in this place as a percentage of kills by friends in the entire game.
 D = Other kills in this place as a percentage of other kills in the entire game.
 E = Experience gained in this place as a percentage of experience gained in the entire game.
 F = Experience gained in this place divided by the number of levels of this place that you have seen.
                   A       B       C       D       E      F
               +-------+-------+-------+-------+-------+----------------------
         Total | 100.0 | 100.0 | 100.0 | 100.0 | 100.0 | 31835.0
       Dungeon |   6.0 |   6.2 |   0.0 |   5.1 |   1.0 | 4745.3
          Lair |   3.8 |   4.0 |   0.0 |   0.0 |   0.9 | 8447.2
         Swamp |   2.3 |   2.4 |   0.0 |   0.0 |   1.3 | 18527.2
   Spider Nest |   2.3 |   2.3 |   1.1 |   0.0 |   1.2 | 17178.6
    Slime Pits |   1.4 |   1.4 |   1.1 |   0.0 |   1.3 | 15144.8
  Orcish Mines |   2.1 |   2.1 |   0.0 |   5.1 |   0.2 | 3536.0
   Elven Halls |   1.6 |   1.7 |   0.0 |   2.6 |   1.3 | 31707.7
        Vaults |   6.1 |   6.1 |   3.2 |  23.1 |   6.1 | 86933.6
         Crypt |   0.4 |   0.4 |   0.4 |   0.0 |   0.3 | 8051.0
          Tomb |   2.1 |   2.0 |   3.6 |   0.0 |   4.3 | 102027.7
        Depths |   4.5 |   4.4 |   3.6 |  25.6 |   5.5 | 78593.6
          Hell |   0.8 |   0.8 |   0.0 |   0.0 |   0.8 | 55116.0
           Dis |   1.8 |   1.9 |   0.4 |   0.0 |   2.5 | 30065.8
       Gehenna |   1.8 |   1.9 |   0.0 |   2.6 |   1.7 | 17020.3
       Cocytus |   2.1 |   2.2 |   0.7 |   2.6 |   2.4 | 24758.6
      Tartarus |   2.0 |   2.0 |   0.7 |   0.0 |   2.2 | 22377.9
         Abyss |   0.8 |   0.8 |   1.1 |   0.0 |   0.9 | 6771.0
   Pandemonium |   5.3 |   5.4 |   1.8 |   5.1 |   7.4 | 21167.7
      Ziggurat |  52.2 |  51.3 |  82.5 |  28.2 |  58.5 | 43902.5
       Ossuary |   0.4 |   0.4 |   0.0 |   0.0 |   0.0 | 453.0
      Ice Cave |   0.4 |   0.4 |   0.0 |   0.0 |   0.1 | 9819.0
               +-------+-------+-------+-------+-------+----------------------

Vanquished Creatures
  Asmodeus (Geh:7)
  Cerebov (Pan)
  the royal jelly (Slime:6)
  the Serpent of Hell (Coc:7)
  Ereshkigal (Tar:7)
  Gloorx Vloq (Pan)
  Mnoleg (Pan)
  Dispater (Dis:7)
  Lom Lobon (Pan)
  The ghost of Charly the Ruinous, a legendary DgFE (Coc:7)
  5 orbs of fire (Zig:8)
  33 pandemonium lords
  18 ancient liches
  The ghost of Herrn the Axe Maniac, a legendary GrBe of Zin (Zig:25)
  50 greater mummies
  Boris (Tomb:2)
  Sojobo (Depths:2)
  the Lernaean hydra (Swamp:5)
  8 shard shrikes
  Margery (Vaults:5)
  21 Killer Klowns
  8 curse toes
  The ghost of Xiguana the Conqueror, a legendary GrBe of the Shining One (Zig:11)
  Mara (Depths:4)
  Mennas (Pan)
  Geryon (Hell)
  A caustic shrike (shapeshifter) (Zig:17)
  27 golden dragons
  Jory (Tomb:1)
  8 profane servitors
  17 pearl dragons
  Frederick (Tomb:1)
  the Enchantress (Depths:1)
  22 bone dragons
  An electric golem (Zig:5)
  27 Brimstone Fiends
  A hellephant (Zig:4)
  9 caustic shrikes
  29 tentacled monstrosities
  37 Hell Sentinels
  24 Ice Fiends
  The ghost of androgeny the Ninja, a great SpAs of Okawaru (Crypt:3)
  25 liches
  Asterion (Spider:4)
  10 deep elf blademasters
  An acid blob (shapeshifter) (Zig:17)
  16 deep elf master archers
  27 acid blobs
  20 quicksilver dragons
  9 titans
  46 Shadow Fiends
  27 tentacled starspawn
  34 Executioners
  2 sphinxes (shapeshifter)
  14 sphinxes
  An eldritch tentacle (Zig:21)
  16 ancient champions
  9 thorn hunters
  28 storm dragons
  24 shadow dragons
  12 azure jellies
  12 tengu reavers
  21 draconian monks
  25 revenants
  27 fire giants
  21 daevas
  58 greater nagas
  2 fire giants (shapeshifter) (Zig:17)
  A frost giant (shapeshifter) (Zig:17)
  Donald (Swamp:1)
  35 orc warlords
  58 balrugs
  Wiglaf (Swamp:4)
  The ghost of MackTheKnife the Severer, a powerful MiWn of Fedhas (D:15)
  44 emperor scorpions
  31 draconian scorchers
  32 ghost moths
  21 frost giants
  12 draconian zealots
  19 draconian knights
  32 iron dragons
  Louise (Elf:3)
  29 angels
  5 curse skulls
  19 deep elf sorcerers
  27 cacodemons
  An emperor scorpion (shapeshifter) (Zig:11)
  22 very ugly things
  2 ghouls (Zig:26)
  29 vault wardens
  15 warmongers
  Jorgrun (Tomb:2)
  117 reapers
  14 caustic shrike skeletons
  9 spriggan defenders
  18 draconian annihilators
  23 ophanim
  30 ironheart preservers
  6 elemental wellsprings (Coc:7)
  16 draconian shifters
  30 draconian callers
  17 apis
  64 stone giants
  8 grey draconians
  4 salamander firebrands
  19 deep elf demonologists
  16 deep elf annihilators
  6 war gargoyles
  15 green draconians
  18 corrupters
  13 chaos champions
  9 black draconians
  17 blood saints
  70 starcursed masses
  7 red draconians
  8 pale draconians
  14 bennus
  13 dire elephants
  11 white draconians
  3 yellow draconians
  19 black suns
  6 purple draconians
  A dire elephant (shapeshifter) (Zig:10)
  21 ettins
  11 mottled draconians
  15 vampire knights
  17 caustic shrike zombies
  31 green deaths
  25 lorocyprocas
  A very ugly thing zombie (Zig:18)
  7 unborn
  A minotaur (Pan)
  44 blizzard demons
  11 jiangshi
  2 pearl dragon zombies (Depths:1)
  41 vault guards
  15 eidola
  36 mummy priests
  30 deep elf death magi
  23 fire dragons
  2 fulminant prisms
  4 quicksilver dragon zombies
  14 death oozes
  27 yaktaur captains
  25 great orbs of eyes
  8 quicksilver dragon skeletons
  Fannar (Lair:5)
  2 kraken zombies (Coc:4)
  22 deep elf high priests
  14 rakshasas
  A spectral tengu (Zig:23)
  15 anacondas
  17 naga warriors
  73 hydras
  48 ice dragons
  10 monstrous demonspawn
  A spectral shadow dragon (Zig:23)
  A hydra (shapeshifter) (Depths:2)
  11 ghost crabs
  18 alligators
  5 dancing weapons
  2 alligator snapping turtles (shapeshifter) (Zig:17)
  13 spriggan air magi
  28 ogre magi
  An alligator snapping turtle (Zig:2)
  8 tengu warriors
  A merfolk aquamancer (Zig:7)
  29 thrashing horrors
  11 deep troll earth magi
  26 shock serpents
  42 orc high priests
  7 centaur warriors
  10 death yaks
  9 hell hogs
  2 deep troll shamans
  12 hell beasts
  8 spriggan berserkers
  12 vampire magi
  10 titan zombies
  5 spectral spriggans
  13 storm dragon zombies
  19 naga sharpshooters
  7 death knights
  37 deep elf knights
  6 catoblepae
  16 titan skeletons
  78 soul eaters
  21 wretched stars
  42 shadow wraiths
  4 spectral elves
  46 sun demons
  24 deep trolls
  3 iron golems
  An iron troll (shapeshifter) (Zig:8)
  5 salamander mystics
  29 iron trolls
  48 hell knights
  113 skeletal warriors
  7 spatial maelstroms
  4 fire crabs
  2 death drakes (shapeshifter)
  21 gelid demonspawn
  2 ghost moth zombies (Dis:7)
  17 storm dragon skeletons
  33 death drakes
  69 death scarabs
  11 infernal demonspawn
  An unseen horror (shapeshifter) (Zig:17)
  22 golden dragon zombies
  11 unseen horrors
  17 spriggan druids
  75 ice devils
  24 cherubim
  38 swamp dragons
  53 shadow demons
  8 anaconda zombies
  A spectral anaconda (Zig:26)
  41 flayed ghosts
  4 ice statues
  14 tengu zombies
  A spectral iron dragon (Zig:23)
  2 spectral hydras
  21 deep elf summoners
  14 naga ritualists
  5 deathcaps
  20 ironbrand convokers
  11 shambling mangroves
  2 lindwurms (shapeshifter)
  8 torturous demonspawn (Pan)
  17 golden dragon skeletons
  37 deep elf conjurers
  31 small abominations
  9 hill giants
  11 giant orange brains
  15 necromancers
  2 spectral holy swine (Depths:1)
  16 orc knights
  51 phantasmal warriors
  46 ugly things
  17 putrid demonspawn (Pan)
  14 iron dragon zombies
  15 shadow dragon zombies
  3 anaconda skeletons
  6 harpies
  44 orb spiders
  17 sphinx zombies
  2 lindwurms
  23 anubis guards
  59 wolf spiders
  12 mana vipers
  4 wizards
  11 oklob plants (Zig:9)
  11 stone giant zombies
  A griffon (shapeshifter) (Depths:2)
  6 wolf spider zombies
  38 orc sorcerers
  A faun (shapeshifter) (Zig:17)
  2 orb spiders (shapeshifter)
  15 tengu skeletons
  9 shadow dragon skeletons
  21 shining eyes
  8 worldbinders
  13 iron dragon skeletons
  10 fire giant zombies
  11 sphinx skeletons
  18 draconian zombies
  5 frost giant zombies
  15 apocalypse crabs
  A draconian (shapeshifter) (Vaults:5)
  11 salamanders
  3 shock serpent zombies
  41 hornets
  21 cyclopes
  A spectral alligator snapping turtle (Zig:23)
  3 apis skeletons (Depths:1)
  4 griffons
  10 eyes of devastation
  2 manticores (shapeshifter)
  19 moths of wrath
  An octopode (shapeshifter) (Vaults:2)
  5 manticores
  2 molten gargoyles
  84 smoke demons
  Maurice (D:8)
  7 frost giant skeletons
  A guardian serpent (shapeshifter) (Zig:11)
  2 human skeletons
  42 rust devils
  5 stone giant skeletons
  48 sixfirhies
  Joseph (D:12)
  7 draconian skeletons
  2 fire giant skeletons
  2 demonspawn zombies (Zig:13)
  A dire elephant zombie (Geh:7)
  21 guardian serpents
  3 elephants (Lair:8)
  53 orange demons
  A titan simulacrum (Zig:24)
  A gargoyle (D:9)
  30 vault sentinels
  72 black mambas
  A black mamba (shapeshifter) (Vaults:3)
  36 naga magi
  A purple draconian zombie (Zig:22)
  2 storm dragon simulacra
  32 elf skeletons
  8 torpor snails
  An orange crystal statue (Zig:16)
  A shock serpent skeleton (Geh:2)
  A spectral hill giant (Zig:23)
  A torpor snail (shapeshifter) (Zig:3)
  3 green draconian zombies (Zig:15)
  2 spiny frogs (shapeshifter)
  17 spriggan zombies
  A white draconian zombie (Zig:22)
  5 spectral swamp worms (Depths:3)
  74 yaktaurs
  2 mottled draconian zombies (Zig:22)
  A red draconian zombie (Zig:18)
  43 spiny frogs
  9 efreet
  2 dire elephant skeletons
  3 yaktaur zombies (Vaults:5)
  2 yaktaurs (shapeshifter)
  81 guardian mummies
  2 spectral glowing shapeshifters (Zig:23)
  17 ancient zymes
  42 demonic crawlers
  7 iron troll zombies
  A golden dragon simulacrum (Zig:25)
  15 komodo dragons
  2 wolf spider simulacra
  31 fire drakes
  A kobold demonologist (D:14)
  A red draconian skeleton (Zig:22)
  65 blue devils
  A queen bee (shapeshifter) (Elf:2)
  2 harpy zombies
  56 hellions
  72 tormentors
  2 trolls (shapeshifter)
  48 hellwings
  15 spriggan skeletons
  A death drake zombie (Zig:21)
  23 deep elf priests
  2 tengu conjurers
  6 hydra zombies
  59 jumping spiders
  10 wandering mushrooms
  9 wind drakes
  57 red devils
  70 freezing wraiths
  21 silent spectres
  A jumping spider (shapeshifter) (Zig:17)
  2 anaconda simulacra
  A catoblepas zombie (Tomb:2)
  518 fire vortices
  4 merfolk (Zig:2)
  A tengu simulacrum (Zig:18)
  14 trolls
  2 moth of wrath zombies
  A polar bear (shapeshifter) (Zig:20)
  53 fire elementals
  25 polar bears
  Grinder (D:4)
  31 giant leeches
  2 baby alligators (Swamp:5)
  18 raiju
  A blink frog (shapeshifter) (Vaults:4)
  A hornet zombie (D:15)
  103 large abominations
  A boulder beetle (shapeshifter) (Zig:8)
  2 harpy skeletons
  An ice dragon zombie (Dis:7)
  A raven (shapeshifter) (Elf:3)
  A trapdoor spider zombie (D:13)
  144 flying skulls
  A stone giant simulacrum (Depths:1)
  37 bog bodies
  2 hydra skeletons
  25 ushabtiu
  A fire dragon zombie (Geh:4)
  27 ravens
  123 slime creatures
  An iron dragon simulacrum (Zig:20)
  3 alligator zombies
  A snapping turtle (Zig:2)
  15 boulder beetles
  A spectral swamp dragon (Swamp:4)
  4 basilisks
  A centaur simulacrum (D:15)
  3 ettin zombies
  37 blink frogs
  69 deep elf magi
  28 vampires
  2 redbacks (shapeshifter)
  3 elf simulacra
  A tarantella (shapeshifter) (Elf:2)
  3 ice dragon skeletons
  An alligator skeleton (Coc:7)
  21 spriggans
  16 air elementals
  A basilisk (shapeshifter) (Zig:6)
  5 ettin skeletons
  45 two-headed ogres
  10 wyverns
  A black mamba zombie (Geh:1)
  2 fire dragon skeletons
  66 shadows
  22 trapdoor spiders
  A fire giant simulacrum (Tomb:3)
  41 wraiths
  20 water elementals
  21 hungry ghosts
  4 fire bats
  52 tarantellas
  48 ynoxinuls
  4 golden eyes
  56 yaks
  2 humans (shapeshifter)
  20 steam dragons
  62 redbacks
  2 black mamba skeletons
  10 hippogriffs
  70 deep elf fighters
  28 chaos spawn
  56 vampire mosquitoes
  A wolf (shapeshifter) (Depths:4)
  A spectral spiny frog (Swamp:4)
  51 neqoxecs
  A spatial vortex (Zig:10)
  A putrid demonspawn zombie (Tar:7)
  23 wolves
  Edmund (D:6)
  21 wargs
  A monstrous demonspawn zombie (Crypt:1)
  22 insubstantial wisps
  10 spiny frog zombies
  2 water moccasins (shapeshifter)
  2 hydra simulacra (Hell)
  2 deep troll zombies (Vaults:5)
  33 swamp worms
  56 swamp drakes
  35 spiders
  55 water moccasins
  26 nagas
  An ice dragon simulacrum (Crypt:1)
  19 porcupines
  14 black bears
  A fire dragon simulacrum (Depths:1)
  42 hell hounds
  A hornet simulacrum (D:15)
  8 human zombies
  24 mottled dragons
  24 wasps
  15 ice beasts
  3 sky beasts
  58 necrophages
  2 alligator simulacra (Coc:7)
  79 orc warriors
  20 eyes of draining
  A snapping turtle zombie (Dis:7)
  15 phantoms
  7 boggarts
  A tengu (Pan)
  2 snapping turtle skeletons
  A swamp dragon skeleton (Zig:25)
  22 centaurs
  A lost soul (Crypt:3)
  97 ogres
  4 boring beetles
  25 crocodiles
  50 elf zombies
  7 big kobolds
  A hog skeleton (Crypt:1)
  An apocalypse crab zombie (Zig:18)
  2 boring beetles (shapeshifter)
  25 giant frogs
  2 hell hound zombies
  8 brain worms
  A glowing shapeshifter simulacrum (Vaults:3)
  2 wyvern zombies
  A spiny frog simulacrum (Coc:7)
  2 earth elementals
  A human simulacrum (Depths:2)
  5 warg zombies
  A wyvern skeleton (D:13)
  A gnoll sergeant (D:8)
  20 scorpions
  A boulder beetle zombie (Vaults:5)
  A troll zombie (Zig:15)
  8 killer bees
  An orc simulacrum (Vaults:1)
  6 quasits
  7 electric eels
  20 crimson imps
  52 wights
  11 centaur zombies
  A giant frog zombie (D:13)
  3 goliath beetles
  46 jellies
  29 orc priests
  A two-headed ogre zombie (Zig:15)
  30 iron imps
  26 hounds
  10 worker ants
  6 centaur skeletons
  A spectral swamp drake (Swamp:4)
  3 hell rats
  3 killer bee zombies
  A lightning spire (Zig:12)
  36 orc wizards
  9 iguanas
  4 ogre zombies
  29 sheep
  Jessica (D:3)
  An ogre skeleton (Zig:21)
  115 mummies
  17 necrophage skeletons
  2 hound zombies
  4 gnolls
  23 adders
  52 river rats
  49 shadow imps
  53 white imps
  3 giant mites
  5 giant eyeballs
  36 ufetubi
  4 worms
  An adder skeleton (D:9)
  2 adder zombies
  7 giant geckos
  An ooze (D:5)
  417 orcs
  A ball python (D:3)
  17 bats
  A bat skeleton (D:4)
  4 giant cockroaches
  60 goblins
  39 hobgoblins
  18 jackals
  39 kobolds
  20 quokkas
  A giant gecko skeleton (D:8)
  6 giant newts
  3 giant spores
  11 goblin zombies
  A hobgoblin skeleton (Crypt:1)
  13 hobgoblin zombies
  A jackal skeleton (D:6)
  3 jackal zombies (Ossuary)
  8 kobold zombies
  8 lurking horrors
  2 orc skeletons
  88 orc zombies
  A quokka skeleton (D:6)
  A quokka zombie (D:8)
  20 rats
  3 rat zombies
  13 ballistomycetes
  35 briar patches
  11 bushes
  3 butterflies (Zig:13)
  10 crawling corpses
  10 fungi
  6 grand avatars
  23 plants
  20 starspawn tentacles
  2 starspawn tentacle segments
  6 tentacles (Coc:4)
10606 creatures vanquished.

Vanquished Creatures (collateral kills)
  Antaeus (Coc:7)
  A greater mummy (Zig:24)
  A pandemonium lord (Pan)
  A Killer Klown (Zig:17)
  2 pearl dragons
  An Ice Fiend (Pan)
  A quicksilver dragon (Zig:23)
  A tentacled monstrosity (Zig:25)
  3 Shadow Fiends
  A tentacled starspawn (Zig:20)
  2 titans (Zig:17)
  An acid blob (Zig:14)
  An Executioner (Zig:13)
  2 storm dragons
  An ancient champion (Zig:26)
  A shadow dragon (Vaults:4)
  2 daevas (Zig:22)
  4 greater nagas
  An azure jelly (Slime:6)
  A vault warden (Zig:17)
  An emperor scorpion (shapeshifter) (Zig:17)
  2 frost giants (Depths:2)
  A fire giant (Vaults:4)
  2 draconian zealots (Zig:26)
  A draconian knight (Zig:26)
  An emperor scorpion (Spider:5)
  2 caustic shrike zombies
  3 orc warlords
  5 stone giants
  3 very ugly things
  A war gargoyle (Vaults:5)
  An ironheart preserver (Vaults:5)
  A reaper (Zig:21)
  An ophan (Zig:22)
  An apis (Zig:15)
  A lorocyproca (Pan)
  A green draconian (Zig:26)
  15 starcursed masses
  A black draconian (Depths:5)
  2 corrupters
  A spectral titan (Zig:18)
  A very ugly thing zombie (Zig:18)
  A green death (Zig:25)
  A naga warrior (Zig:14)
  A death knight (Zig:20)
  3 alligators
  2 titan zombies
  2 spiny frogs (shapeshifter) (Zig:20)
  A storm dragon zombie (Zig:20)
  3 wretched stars
  An iron troll (Zig:23)
  2 titan skeletons
  A spatial maelstrom (Zig:20)
  2 death scarabs
  A golden dragon zombie (Zig:16)
  A flayed ghost (Tomb:2)
  An ice devil (Pan)
  A death drake (Zig:25)
  An unseen horror (Zig:20)
  A hell knight (Depths:2)
  2 shadow demons
  2 shadow dragon zombies
  A tengu zombie (Zig:8)
  An orb spider (Spider:5)
  2 golden dragon skeletons
  An ugly thing (Vaults:5)
  An ironbrand convoker (Vaults:5)
  3 sphinx zombies
  A wolf spider (Spider:5)
  A spectral holy swine (Depths:1)
  2 stone giant zombies
  A shadow dragon skeleton (Zig:21)
  2 orc sorcerers
  2 frost giant zombies
  2 iron dragon zombies (Zig:20)
  A phantasmal warrior (Zig:25)
  2 sixfirhies
  A draconian zombie (Zig:15)
  A water nymph (shapeshifter) (Zig:17)
  2 moths of wrath
  A shining eye (Pan)
  A worldbinder (Abyss:3)
  An apis skeleton (Depths:1)
  2 iron dragon skeletons
  2 sphinx skeletons
  A draconian skeleton (Zig:26)
  3 elf zombies
  An eye of devastation (Zig:14)
  A demonspawn zombie (Zig:13)
  A guardian serpent (Zig:11)
  A komodo dragon (Zig:22)
  A yaktaur (Vaults:5)
  2 elf skeletons
  2 guardian mummies
  A human zombie (Vaults:5)
  An iron troll zombie (Zig:15)
  A hydra zombie (Tar:7)
  A silent spectre (Zig:21)
  4 raiju
  A moth of wrath zombie (Zig:23)
  3 fire vortices
  A shadow dragon simulacrum (Abyss:3)
  2 blue devils
  6 large abominations
  An ushabti (Zig:24)
  2 flying skulls (Zig:21)
  5 slime creatures
  3 shadows
  2 redbacks
  2 trapdoor spiders (Zig:18)
  3 golden eyes
  2 wraiths
  A chaos spawn (Zig:18)
  A steam dragon (Zig:19)
  2 neqoxecs (Zig:20)
  A deep elf fighter (Zig:6)
  An elf simulacrum (Zig:24)
  A mottled dragon (Zig:19)
  A naga (Zig:27)
  An ogre (Zig:15)
  A swamp drake (Zig:25)
  A water moccasin (Zig:27)
  An eye of draining (Zig:10)
  A necrophage (Zig:25)
  6 small abominations
  A scorpion (Zig:18)
  3 wights
  7 jellies
  A quasit (Zig:20)
  2 hell rats
  20 mummies
  8 shadow imps
  5 white imps
  8 ufetubi
  29 orcs
  A goblin (Zig:15)
  3 hobgoblins
  2 goblin zombies
  A hobgoblin zombie (Zig:15)
  12 orc zombies
  A spectral orc (Tomb:2)
  2 briar patches (Zig:25)
  2 crawling corpses (Zig:12)
  13 starspawn tentacles
  A starspawn tentacle segment (Zig:22)
336 creatures vanquished.

Vanquished Creatures (others)
  A quicksilver dragon (Zig:20)
  3 eldritch tentacles
  A draconian monk (Zig:22)
  A warmonger (Pan)
  5 stone giants
  A lorocyproca (Zig:13)
  5 yaktaur captains
  3 centaur warriors
  An ogre mage (Orc:4)
  A hell hog (Geh:3)
  A storm dragon zombie (Zig:24)
  A deep elf knight (Elf:1)
  A golden dragon zombie (Zig:16)
  A death drake (Zig:21)
  A cherub (Depths:4)
  A giant orange brain (Pan)
  An ironbrand convoker (Vaults:2)
  A shadow dragon zombie (Zig:27)
  A faun (Zig:21)
  6 yaktaurs
  8 fire elementals
  A wandering mushroom (Zig:21)
  2693 fire vortices
  A two-headed ogre (Orc:4)
  An alligator zombie (Coc:7)
  A trapdoor spider (Spider:5)
  A wraith (Zig:24)
  A shadow (Geh:2)
  A golden eye (Zig:20)
  A deep elf fighter (Elf:3)
  6 earth elementals
  A soldier ant (D:12)
  A water moccasin (Zig:18)
  An eye of draining (Zig:20)
  An ogre (Orc:4)
  2 centaurs (Zig:21)
  5 lost souls
  3 small abominations
  2 shadow imps (Zig:21)
  A white imp (Coc:7)
  An ufetubus (Zig:20)
  5 lurking horrors
  7 butterflies
  307 eldritch tentacle segments
  7 fungi
  A plant (Lair:8)
  45 starspawn tentacles
  822 starspawn tentacle segments
  3 tentacles (Coc:4)
  139 tentacle segments (Coc:4)
4106 creatures vanquished.

Grand Total: 15048 creatures vanquished

Action                   |  1- 3 |  4- 6 |  7- 9 | 10-12 | 13-15 | 16-18 | 19-21 | 22-24 | 25-27 || total
-------------------------+-------+-------+-------+-------+-------+-------+-------+-------+-------++-------
Melee: Unarmed           |    57 |    36 |       |       |       |       |       |       |       ||    93
       Dagger            |       |    19 |       |       |       |       |       |       |       ||    19
       Mace              |       |     6 |    19 |     9 |       |       |       |       |       ||    34
       Staff             |       |       |    88 |   128 |    63 |       |       |       |   381 ||   660
       Morningstar       |       |       |       |       |    54 |    44 |    10 |     3 |   101 ||   212
       Spear             |       |       |       |       |       |       |       |       |     7 ||     7
 Cast: Flame Tongue      |    33 |    58 |   230 |   201 |   215 |    27 |       |    19 |     2 ||   785
       Sticky Flame      |       |     1 |    20 |    42 |    49 |     6 |     5 |     1 |       ||   124
       Conjure Flame     |       |       |    35 |    12 |    19 |       |       |       |       ||    66
       Fireball          |       |       |     5 |   128 |   441 |   468 |   229 |   136 |   116 ||  1523
       Mephitic Cloud    |       |       |       |       |     2 |       |       |       |       ||     2
       Bolt of Fire      |       |       |       |       |    12 |   140 |   303 |   221 |   135 ||   811
       Delayed Fireball  |       |       |       |       |     2 |     1 |       |     2 |     2 ||     7
       Orb of Destructio |       |       |       |       |       |    11 |    28 |    27 |   299 ||   365
       Regeneration      |       |       |       |       |       |       |    10 |    21 |    82 ||   113
       Fire Storm        |       |       |       |       |       |       |     2 |    64 |  1325 ||  1391
       Cigotuvi's Embrac |       |       |       |       |       |       |       |     5 |    12 ||    17
       Apportation       |       |       |       |       |       |       |       |       |    38 ||    38
       Iron Shot         |       |       |       |       |       |       |       |       |   441 ||   441
       Tornado           |       |       |       |       |       |       |       |       |   162 ||   162
       Necromutation     |       |       |       |       |       |       |       |       |   120 ||   120
       Blink             |       |       |       |       |       |       |       |       |    12 ||    12
       Control Teleport  |       |       |       |       |       |       |       |       |    10 ||    10
       Deflect Missiles  |       |       |       |       |       |       |       |       |     5 ||     5
       Summon Butterflie |       |       |       |       |       |       |       |       |     1 ||     1
 Abil: Release Delayed F |       |       |       |       |     1 |     1 |     1 |       |       ||     3
       End Transformatio |       |       |       |       |       |       |       |       |    19 ||    19
       Evoke Blink       |       |       |       |       |       |       |       |       |    18 ||    18
Evoke: Deck              |       |       |       |     2 |       |     1 |       |    20 |    63 ||    86
       Stone of tremors  |       |       |       |       |       |     4 |       |     2 |     5 ||    11
       Sack of spiders   |       |       |       |       |       |     2 |       |       |       ||     2
       Wand              |       |       |       |       |       |       |       |     6 |    29 ||    35
       Lamp of fire      |       |       |       |       |       |       |       |     1 |    16 ||    17
       Staff of energy   |       |       |       |       |       |       |       |       |  1173 ||  1173
       Crystal ball of e |       |       |       |       |       |       |       |       |    30 ||    30
       Phantom mirror    |       |       |       |       |       |       |       |       |     2 ||     2
  Use: Scroll            |       |       |    12 |    18 |    10 |    11 |     6 |    13 |   168 ||   238
       Potion            |       |       |     6 |     9 |     7 |     2 |     4 |     6 |   100 ||   134
 Stab: Sleeping          |     4 |     4 |     2 |     1 |     2 |       |       |       |     9 ||    22
       Distracted        |       |       |     1 |       |     1 |       |       |       |     3 ||     5
       Petrifying        |       |       |       |       |       |       |       |       |     1 ||     1
  Eat: Chunk             |     2 |     6 |    23 |    54 |   113 |    98 |    76 |    40 |    84 ||   496
       Royal jelly       |       |       |     1 |     1 |       |     3 |       |    11 |     2 ||    18
       Pizza             |       |       |     1 |     4 |     3 |       |     3 |       |     1 ||    12
       Fruit             |       |       |     1 |     2 |     1 |       |       |     1 |    46 ||    51
       Beef jerky        |       |       |       |     2 |     2 |     1 |     1 |     6 |     5 ||    17
       Bread ration      |       |       |       |       |     1 |       |       |       |    14 ||    15
       Meat ration       |       |       |       |       |       |     1 |       |       |     1 ||     2

Vault maps used:
D:1:      grunt_arrival_lava_bath
D:2:      minmay_misc_feat_enclosed
D:3:      uniq_jessica
D:4:      enter_ossuary_4, uniq_grinder
D:5:      first_bread, minmay_lizard_king
D:6:      nemelex_xobeh_ov_fountains_minmay, kennysheep_generic_room_6,
          uniq_edmund
D:7:      lemuel_round_altar, minitemple, temple_hall, trog_butcher_becter
D:8:      nicolae_whirlpool, minmay_lair_entry_grove, hangedman_ranch,
          trog_book, uniq_maurice
D:9:      kennysheep_mini, serial_shops, shop, shop, kennysheep_generic_room_5
D:10:     lightli_church_of_beogh
D:11:     david_orc_4
D:12:     uniq_joseph
D:13:     lightli_vaults_fourway_checkpoint, tgw_xom
D:14:     cheibriados_altar_1
D:15:     grunt_enter_depths_magical_seal
Temple:   jpeg_temple_clearing_12
Lair:2:   portal_ice_cave_entry_imps
Lair:3:   nicolae_swamp_entry_splash_gauntlet, serial_bayou_shore_a
Lair:4:   nicolae_spider_entry_tight_spaces, minmay_holes,
          infiniplex_staircase_pool, serial_bayou_shore_b
Lair:5:   disabler_island, uniq_fannar
Lair:6:   grunt_forest_large_clearing_hut
Lair:8:   hangedman_lair_caniforms_friends, hangedman_lair_in_review,
          slime_altar_1, st_stairs_3
Swamp:1:  evilmike_swamp_ruin_house_1, uniq_donald
Swamp:2:  evilmike_swamp_ruin_house_2
Swamp:3:  cheibrodos_swamp_heart_of_darkness, nicolae_swamp_godswood
Swamp:4:  evilmike_swamp_ruin_house_4, uniq_wiglaf
Swamp:5:  grunt_swamp_rune_castle
Spider:1: guppyfry_spider_mini_1
Spider:4: spiders_nest_wasp_nest, uniq_asterion
Spider:5: grunt_spider_rune_island
Slime:1:  cheibrodos_slime_lost_civilization_6
Slime:2:  cheibrodos_slime_lost_civilization_4
Orc:1:    serial_shops, nicolae_shop_competitors_out_of_business,
          nicolae_orc_lost_temple
Orc:2:    mines_bat_river
Orc:3:    nicolae_orc_pool_cavern, nicolae_orc_rockfall
Orc:4:    st_orc_ogre_mass, nicolae_orc_stony_grotto, uniq_saint_roka
Elf:1:    elf_arrival_002, minmay_elf_necromancy
Elf:2:    serial_shops, nicolae_shop_statue_plus, evilmike_ambush
Elf:3:    minmay_elf_hall_spiked, serial_shops, shop, uniq_louise
Vaults:1: v_alt_pattern_4, nicolae_vaults_big_ls,
          nicolae_vaults_little_squares_6, vaults_room_hallway,
          vaults_room_corners, nicolae_vaults_circle_grid_b, st_eye, v_misc_29,
          v_alt_pattern_1, v_misc_14, hangedman_vaults_corner, v_rooms_3,
          nicolae_vaults_border_crossing, grunt_vaults_focal,
          nicolae_vaults_shelves_hall, vaults_mumra_chevron_long
Vaults:2: st_greater_box_2, v_misc_17, v_misc_30, ontoclasm_vaults_ring_square,
          v_misc_2, vaults_mumra_minichess, minmay_crypt_entry_simple_sparse,
          nicolae_vaults_asterisk
Vaults:3: nicolae_vaults_murderbox, vaults_mumra_lcd,
          nicolae_vaults_hallways_thing, nicolae_vaults_yaktaur_gun_rack,
          vaults_dpeg_diagonal, serial_ice_h, nicolae_vaults_angled_halls,
          vaults_mumra_hexcomb, vaults_room_fours, vaults_mumra_hex,
          vaults_room_door_hall
Vaults:4: vaults_room_pool, v_misc_2, vaults_dpeg_spiral,
          nicolae_vaults_twisting_passages, ontoclasm_vaults_misaligned,
          nicolae_vaults_little_ls, vaults_room_semicircle,
          vaults_room_large_hall, hangedman_vaults_stagger, v_pattern_1,
          vaults_standard_mumra_enter_the_diamond, vaults_room_hallway,
          vaults_room_fours, serial_shops, nicolae_shop_statue_plus
Vaults:5: serial_shops, uniq_margery
Crypt:1:  crypt_curse_skull_rare, crypt_curse_skull
Crypt:2:  crypt_curse_skull, crypt_curse_skull_rare,
          nrook_guardian_serpent_ordinary
Crypt:3:  david_glass_crypt, nicolae_tomb_entry_unfolded_pyramid_diagonal,
          grunt_ministairs_9
Tomb:1:   uniq_jory, uniq_frederick
Tomb:2:   uniq_jorgrun, uniq_boris
Depths:1: enter_ziggurat_d, mu_enter_wizlab_4, hell_entry,
          minmay_room_of_horrors, minmay_misc_feat_room, hangedman_blasphemy,
          uniq_enchantress
Depths:2: grunt_runaround, hell_entry, uniq_sojobo
Depths:3: lemuel_minitomb, pf_hell_entry_tar_river, rand_demon_pan_entry_9,
          small_statue_intersection, serial_shops, shop_statue
Depths:4: evilmike_silver_temple, hellmouth_1, hangedman_decor_clover_reticule,
          hangedman_abyss_entry_splay, uniq_mara
Depths:5: grunt_bruiser_brothers, enter_trove_2, hell_entry,
          evilmike_ruin_ashenzari, minmay_evil_grid
Dis:1:    hangedman_dis_decor_tower, grunt_megastairs_4
Dis:2:    lightli_tower_of_babel, lemuel_elevator
Dis:4:    lemuel_elevator
Dis:5:    nicolae_dis_iron_filings, lemuel_elevator, grunt_megastairs_3
Dis:6:    door_vault, grunt_megastairs_2
Dis:7:    dis_st
Geh:6:    lemuel_old_faithful
Geh:7:    evilmike_geh
Coc:2:    serial_ice
Coc:7:    coc_mu
Tar:2:    nicolae_tar_cuneiform_water, nicolae_tar_cuneiform_oil
Tar:3:    nicolae_tar_cuneiform_bread, nicolae_tar_cuneiform_to_be
Tar:4:    evilmike_ambush
Tar:7:    tar_mu
Abyss:1:  evilmike_abyss_exit_17, abyss_exit_lava
Abyss:2:  guppyfry_abyss_exit_spiral_guarded, hangedman_elemental_corridor,
          hangedman_abyss_or_decor_jellyfish_corner
Abyss:3:  minivault_25, due_exit_kobolds, lemuel_flamethrower_2,
          kb_abyss_rune_zappy, bh_abyss_xom_lugonu_altar,
          evilmike_abyss_exit_mutagenic
Abyss:4:  evilmike_abyss_exit_glass, hangedman_abyss_or_decor_passed
Pan:      evilmike_mini_pan_pillars, grunt_pan_zigzag, nicolae_pan_hourglass,
          nicolae_pan_mnolegish_4, nicolae_pan_double_arrow,
          nicolae_pan_glass_arcs, pan_blood_fountain_small,
          nicolae_pan_cerebovesque_4, nicolae_pan_double_arrow,
          pan_blood_fountain_small, enter_ziggurat_pan_d, pan_blood_fountain,
          evilmike_mini_pan_possible_glass, pan_blood_fountain_2,
          enter_ziggurat_pan_d, uniq_mennas_pan, evilmike_mini_pan_layers,
          evilmike_mini_pan_V, grunt_pan_spiral, pan_blood_fountain_small,
          reaverb_pan_squares, evilmike_mini_pan_V, rand_demon_1,
          pan_blood_fountain_2, nicolae_pan_lom_lobonic_4, evilmike_mini_pan_T,
          pan_blood_fountain_small, pan_blood_fountain,
          evilmike_mini_pan_branches, evilmike_mini_pan_corridor,
          evilmike_mini_pan_corridor, lom_lobon, evilmike_mini_pan_other_thingy,
          pan_blood_fountain_small, cerebov_st, nicolae_pan_glass_arcs,
          enter_ziggurat_pan_c, nicolae_pan_door_chamber, pan_blood_fountain,
          pan_blood_fountain_small, pan_blood_fountain_2, pan_surprise,
          rand_demon_5, evilmike_mnoleg_eyes, grunt_pan_spiral, gloorx_vloq
Zig:4:    ziggurat_pillar_centre_c
Zig:5:    ziggurat_pillar_centre_dead_trees
Zig:9:    ziggurat_pillar_centre_oklobs
Zig:10:   ziggurat_pillar_centre_k
Zig:14:   ziggurat_loot_1
Zig:17:   ziggurat_pillar_centre_smoke
Zig:19:   ziggurat_loot_1
Zig:22:   ziggurat_pillar_centre_drop
Zig:24:   ziggurat_pillar_centre_more_plants
Trove:    trove_garden
Ossuary:  ossuary_tomb_1
IceCv:    ice_cave_small_giant
WizLab:   wizlab_wucad
